Workbook
Name ___xlnm.Print_Area_5: #REF!
Name ___xlnm.Print_Titles_4: ([1]Cronograma!$A:$D,[1]Cronograma!$1:$8)
Name __xlnm.Print_Area_5: #REF!
Name __xlnm.Print_Titles_4: ([1]Cronograma!$A$1:$D$65536,[1]Cronograma!$A$1:$IV$8)
Name ÉServiço: [2]BM!$E1<>""
Name Excel_BuiltIn_Database: #REF!
Name Excel_BuiltIn_Print_Area_1_1: #REF!
Name Excel_BuiltIn_Print_Area_1_1_1: #REF!
Name Excel_BuiltIn_Print_Area_1_1_1_1: #REF!
Name Excel_BuiltIn_Print_Area_1_1_1_1_1: #REF!
Name Excel_BuiltIn_Print_Area_1_9: #REF!
Name Excel_BuiltIn_Print_Area_2_1: #REF!
Name Excel_BuiltIn_Print_Area_8_1_1_1: #REF!
Name Excel_BuiltIn_Print_Area_9: #REF!
Name Excel_BuiltIn_Print_Area_9_1: #REF!
Name Excel_BuiltIn_Print_Titles_1_1: #REF!
Name Excel_BuiltIn_Print_Titles_2: #REF!
Name Excel_BuiltIn_Print_Titles_9: #REF!
Name RegimeExecucao: IF(OR([2]DADOS!$A$33="Empreitada Preço Global",[2]DADOS!$A$33="Empreitada Integral"),"Global","Unitário")

Sheet Orçamento
A1: PREFEITURA MUNICIPAL DE SÃO JOSÉ DA VARGINHA
A3: PLANILHA ORÇAMENTÁRIA DE CUSTOS
A5: OBRA: CONSTRUÇÃO DO CENTRO DE REFERÊNCIA EM ASSISTÊNCIA SOCIAL (CRAS) - SÃO JOSÉ DA VARGINHA - CONFORME FDI OBR21 VALE
A6: LOCAL: RUA JACINTA BRAGA, S/N - CENTRO, SÃO JOSÉ DA VARGINHA-MG
A7: REGIÃO / MÊS DE REFERÊNCIA: COM DESONERAÇÃO: SICOR MG CENTRAL - OUTUBRO/2025, SINAPI JANEIRO/2026, ORSE DEZEMBRO/2025, IOPES DEZEMBRO/2025, SBC FEVEREIRO/2026, AGETOP CIVIL OUTUBRO/2025, CPOS JANEIRO/2026, SUDECAP OUTUBRO/2025
A8: BDI ADOTADO: | C8: 0.2583 | D8: DATA: | E8: 46087
A10: ITEM | B10: CÓDIGO | C10: BANCO | D10: DESCRIÇÃO | E10: UNIDADE | F10: QUANTIDADE | G10: PREÇO UNITÁRIO S/ BDI | H10: PREÇO UNITÁRIO C/ BDI | I10: TOTAL PREVISTO C/ BDI | J10: PESO
I11: =I16+I31+I74+I83+I92+I96+I164+I200+I215+I225+I235+I258+I275+I334+I343+I352+I12 -> 2211597.5 | J11: =J16+J31+J74+J83+J92+J96+J164+J200+J215+J225+J235+J258+J275+J334+J343+J352+J12 -> 1
A12: 1. | D12: ADMINISTRAÇÃO LOCAL | I12: =SUM(I13:I15) -> 91845.06 | J12: =SUM(J13:J15) -> 0.041528832
A13: 1.1 | B13: 90777 | C13: SINAPI | D13: =VLOOKUP(B13,Relatório!A:E,2,FALSE) -> ENGENHEIRO CIVIL DE OBRA JUNIOR COM ENCARGOS COMPLEMENTARES | E13: h | F13: 140 | G13: 132.32 | H13: =ROUND(G13+G13*$C$8,2) -> 166.5 | I13: =ROUND(H13*F13,2) -> 23310 | J13: =I13/$I$11 -> 0.010539893
A14: 1.2 | B14: 90776 | C14: SINAPI | D14: =VLOOKUP(B14,Relatório!A:E,2,FALSE) -> ENCARREGADO GERAL COM ENCARGOS COMPLEMENTARES | E14: h | F14: =Memória!H10 -> 370 | G14: 62.3 | H14: =ROUND(G14+G14*$C$8,2) -> 78.39 | I14: =ROUND(H14*F14,2) -> 29004.3 | J14: =I14/$I$11 -> 0.013114638
A15: 1.3 | B15: ED-21780 | C15: SICOR | D15: =VLOOKUP(B15,Relatório!A:E,2,FALSE) -> VIGIA NOTURNO COM ENCARGOS COMPLEMENTARES | E15: =VLOOKUP(B15,Relatório!A:E,3,FALSE) -> mês | F15: =Memória!H11 -> 6 | G15: 5236 | H15: =ROUND(G15+G15*$C$8,2) -> 6588.46 | I15: =ROUND(H15*F15,2) -> 39530.76 | J15: =I15/$I$11 -> 0.017874302
A16: 2. | D16: SERVIÇOS PRELIMINARES | I16: =I17+I19+I29 -> 83221.85 | J16: =J17+J19+J29 -> 0.037629746
A17: 2.1 | D17: MOBILIZAÇÃO DA OBRA | I17: =SUM(I18:I18) -> 6423.34 | J17: =SUM(J18:J18) -> 0.0029043893
A18: 2.1.1 | B18: 12689 | C18: SBC | D18: MOBILIZACAO E DESMOBILIZACAO DE CANTEIRO | E18: un | F18: =Memória!H14 -> 1 | G18: 5104.78 | H18: =ROUND(G18+G18*$C$8,2) -> 6423.34 | I18: =ROUND(H18*F18,2) -> 6423.34 | J18: =I18/$I$11 -> 0.0029043893
A19: 2.2 | D19: INSTALAÇÕES PROVISÓRIAS | I19: =SUM(I20:I28) -> 70172.03 | J19: =SUM(J20:J28) -> 0.031729115
A20: 2.2.1 | B20: ED-28427 | C20: SICOR | D20: =VLOOKUP(B20,Relatório!A:E,2,FALSE) -> FORNECIMENTO E COLOCAÇÃO DE PLACA DE OBRA EM CHAPA GALVANIZADA #26, ESP. 0,45MM, DIMENSÃO (3X1,5)M, PLOTADA COM ADESIVO VINÍLICO, AFIXADA COM REBITES 4,8X40MM, EM ESTRUTURA METÁLICA DE METALON 20X20MM, ESP. 1,25MM, INCLUSIVE SUPORTE EM EUCALIPTO AUTOCLAVADO PINTADO COM TINTA PVA DUAS (2) DEMÃOS | E20: =VLOOKUP(B20,Relatório!A:E,3,FALSE) -> un | F20: =Memória!H16 -> 1 | G20: 1153.26 | H20: =ROUND(G20+G20*$C$8,2) -> 1451.15 | I20: =ROUND(H20*F20,2) -> 1451.15 | J20: =I20/$I$11 -> 0.00065615467
A21: 2.2.2 | B21: ED-29823 | C21: SICOR | D21: =VLOOKUP(B21,Relatório!A:E,2,FALSE) -> TAPUME FIXO DE PROTEÇÃO PARA FECHAMENTO DE OBRA EM TELHA METÁLICA GALVANIZADA, TIPO TRAPEZOIDAL, ESP. 0,5MM, COM MÓDULO NA DIMENSÃO DE (300X220)CM, COM REAPROVEITAMENTO, EXCLUSIVE PINTURA ESMALTE, INCLUSIVE PONTALETE E FIXAÇÃO | E21: =VLOOKUP(B21,Relatório!A:E,3,FALSE) -> m2 | F21: =Memória!H17 -> 292.42 | G21: 65.23 | H21: =ROUND(G21+G21*$C$8,2) -> 82.08 | I21: =ROUND(H21*F21,2) -> 24001.83 | J21: =I21/$I$11 -> 0.010852712
A22: 2.2.3 | B22: ED-50137 | C22: SICOR | D22: =VLOOKUP(B22,Relatório!A:E,2,FALSE) -> MOBILIZAÇÃO E DESMOBILIZAÇÃO DE CONTAINER, INCLUSIVE CARGA, DESCARGA E TRANSPORTE EM CAMINHÃO CARROCERIA COM GUINDAUTO (MUNCK), EXCLUSIVE LOCAÇÃO DO CONTAINER | E22: =VLOOKUP(B22,Relatório!A:E,3,FALSE) -> un | F22: =Memória!H19 -> 2 | G22: 1631.22 | H22: =ROUND(G22+G22*$C$8,2) -> 2052.56 | I22: =ROUND(H22*F22,2) -> 4105.12 | J22: =I22/$I$11 -> 0.0018561787
A23: 2.2.4 | B23: ED-16349 | C23: SICOR | D23: =VLOOKUP(B23,Relatório!A:E,2,FALSE) -> LOCAÇÃO DE CONTAINER COM ISOLAMENTO TÉRMICO, TIPO 2, PARA ESCRITÓRIO DE OBRA COM SANITÁRIO CONTENDO UM (1) VASO SANITÁRIO E UM (1) LAVATÓRIO, COM MEDIDAS REFERENCIAIS DE (6) METROS COMPRIMENTO, (2,3) METROS LARGURA E (2,5) METROS ALTURA ÚTIL INTERNA, INCLUSIVE AR CONDICIONADO E LIGAÇÕES ELÉTRICAS E HIDROSSANITÁRIAS INTERNAS, EXCLUSIVE MOBILIZAÇÃO/DESMOBILIZAÇÃO E LIGAÇÕES PROVISÓRIAS EXTERNAS | E23: =VLOOKUP(B23,Relatório!A:E,3,FALSE) -> mês | F23: =Memória!H20 -> 12 | G23: 1633.81 | H23: =ROUND(G23+G23*$C$8,2) -> 2055.82 | I23: =ROUND(H23*F23,2) -> 24669.84 | J23: =I23/$I$11 -> 0.011154761
A24: 2.2.5 | B24: ED-16350 | C24: SICOR | D24: =VLOOKUP(B24,Relatório!A:E,2,FALSE) -> LOCAÇÃO DE CONTAINER COM ISOLAMENTO TÉRMICO, TIPO 3, PARA DEPÓSITO/FERRAMENTARIA DE OBRA, COM MEDIDAS REFERENCIAIS DE (6) METROS COMPRIMENTO, (2,3) METROS LARGURA E (2,5) METROS ALTURA ÚTIL INTERNA, INCLUSIVE LIGAÇÕES ELÉTRICAS INTERNAS, EXCLUSIVE MOBILIZAÇÃO/DESMOBILIZAÇÃO E LIGAÇÕES PROVISÓRIAS EXTERNAS | E24: =VLOOKUP(B24,Relatório!A:E,3,FALSE) -> mês | F24: =Memória!H21 -> 12 | G24: 858.68 | H24: =ROUND(G24+G24*$C$8,2) -> 1080.48 | I24: =ROUND(H24*F24,2) -> 12965.76 | J24: =I24/$I$11 -> 0.0058626221
A25: 2.2.6 | B25: ED-16357 | C25: SICOR | D25: =VLOOKUP(B25,Relatório!A:E,2,FALSE) -> LIGAÇÕES PROVISÓRIAS PARA CONTAINER TIPO 2 (CORRESPONDENTE AO CÓDIGO ED-16349) | E25: =VLOOKUP(B25,Relatório!A:E,3,FALSE) -> un | F25: =Memória!H22 -> 1 | G25: 656.27 | H25: =ROUND(G25+G25*$C$8,2) -> 825.78 | I25: =ROUND(H25*F25,2) -> 825.78 | J25: =I25/$I$11 -> 0.00037338621
A26: 2.2.7 | B26: ED-16358 | C26: SICOR | D26: =VLOOKUP(B26,Relatório!A:E,2,FALSE) -> LIGAÇÕES PROVISÓRIAS PARA CONTAINER TIPO 3 (CORRESPONDENTE AO CÓDIGO ED-16350) | E26: =VLOOKUP(B26,Relatório!A:E,3,FALSE) -> un | F26: =Memória!H23 -> 1 | G26: 334.67 | H26: =ROUND(G26+G26*$C$8,2) -> 421.12 | I26: =ROUND(H26*F26,2) -> 421.12 | J26: =I26/$I$11 -> 0.0001904144
A27: 2.2.8 | B27: ED-50150 | C27: SICOR | D27: =VLOOKUP(B27,Relatório!A:E,2,FALSE) -> LIGAÇÃO DE ÁGUA PROVISÓRIA PARA CANTEIRO, INCLUSIVE HIDRÔMETRO E CAVALETE PARA MEDIÇÃO DE ÁGUA - ENTRADA PRINCIPAL, EM AÇO GALVANIZADO DN 20MM (1/2") - PADRÃO CONCESSIONÁRIA | E27: =VLOOKUP(B27,Relatório!A:E,3,FALSE) -> un | F27: =Memória!H24 -> 1 | G27: 572.33 | H27: =ROUND(G27+G27*$C$8,2) -> 720.16 | I27: =ROUND(H27*F27,2) -> 720.16 | J27: =I27/$I$11 -> 0.00032562888
A28: 2.2.9 | B28: ED-50151 | C28: SICOR | D28: =VLOOKUP(B28,Relatório!A:E,2,FALSE) -> LIGAÇÃO PROVISÓRIA COM ENTRADA DE ENERGIA AÉREA, PADRÃO CEMIG, CARGA INSTALADA DE 15,1KVA ATÉ 30KVA, TRIFÁSICO, COM SAÍDA SUBTERRÂNEA, INCLUSIVE POSTE, CAIXA PARA MEDIDOR, DISJUNTOR, BARRAMENTO, ATERRAMENTO E ACESSÓRIOS | E28: =VLOOKUP(B28,Relatório!A:E,3,FALSE) -> un | F28: =Memória!H25 -> 1 | G28: 803.68 | H28: =ROUND(G28+G28*$C$8,2) -> 1011.27 | I28: =ROUND(H28*F28,2) -> 1011.27 | J28: =I28/$I$11 -> 0.00045725772 | L28: =I28+I27+I26+I25+I24+I23+I20+I21+2063.82 -> 68130.73
A29: 2.3 | D29: LOCAÇÃO DE OBRA - GABARITO | I29: =SUM(I30) -> 6626.48 | J29: =SUM(J30) -> 0.0029962415
A30: 2.3.1 | B30: 10501 | C30: IOPES | D30: LOCAÇÃO DE OBRA COM GABARITO DE MADEIRA | E30: m2 | F30: =Memória!H27 -> 433.67 | G30: 12.14 | H30: =ROUND(G30+G30*$C$8,2) -> 15.28 | I30: =ROUND(H30*F30,2) -> 6626.48 | J30: =I30/$I$11 -> 0.0029962415
A31: 3. | D31: MOVIMENTAÇÃO DE TERRA, FUNDAÇÕES E SUPERESTRUTURA | I31: =I32+I37+I50+I54+I60 -> 236744.28 | J31: =J32+J37+J50+J54+J60 -> 0.10704673
A32: 3.1 | D32: MOVIMENTAÇÃO DE TERRA | I32: =SUM(I33:I36) -> 51494.33 | J32: =SUM(J33:J36) -> 0.023283772
A33: 3.1.1 | B33: ED-51105 | C33: SICOR | D33: =VLOOKUP(B33,Relatório!A:E,2,FALSE) -> ESCAVAÇÃO MECÂNICA EM MATERIAL DE 1ª CATEGORIA, INCLUSIVE CARGA EM CAMINHÃO, EXCLUSIVE TRANSPORTE E DESCARGA | E33: =VLOOKUP(B33,Relatório!A:E,3,FALSE) -> m3 | F33: =Memória!H30 -> 952.29 | G33: 7.28 | H33: =ROUND(G33+G33*$C$8,2) -> 9.16 | I33: =ROUND(H33*F33,2) -> 8722.98 | J33: =I33/$I$11 -> 0.0039441988
A34: 3.1.2 | B34: ED-29232 | C34: SICOR | D34: =VLOOKUP(B34,Relatório!A:E,2,FALSE) -> TRANSPORTE DE MATERIAL DE QUALQUER NATUREZA EM CAMINHÃO, DISTÂNCIA MAIOR QUE 5KM E MENOR OU IGUAL A 10KM, DENTRO DO PERÍMETRO URBANO, EXCLUSIVE CARGA, INCLUSIVE DESCARGA | E34: m3xkm | F34: =Memória!H32 -> 12379.77 | G34: 1.99 | H34: =ROUND(G34+G34*$C$8,2) -> 2.5 | I34: =ROUND(H34*F34,2) -> 30949.43 | J34: =I34/$I$11 -> 0.013994152
A35: 3.1.3 | B35: ED-51098 | C35: SICOR | D35: =VLOOKUP(B35,Relatório!A:E,2,FALSE) -> COMPACTAÇÃO MECÂNICA DE ATERRO COM ROLO VIBRATÓRIO A 95% DO PROCTOR NORMAL, INCLUSIVE ESPALHAMENTO | E35: =VLOOKUP(B35,Relatório!A:E,3,FALSE) -> m3 | F35: =Memória!H34 -> 142.31 | G35: 4.47 | H35: =ROUND(G35+G35*$C$8,2) -> 5.62 | I35: =ROUND(H35*F35,2) -> 799.78 | J35: =I35/$I$11 -> 0.00036163001
A36: 3.1.4 | B36: ED-51124 | C36: SICOR | D36: =VLOOKUP(B36,Relatório!A:E,2,FALSE) -> REGULARIZAÇÃO E COMPACTAÇÃO MECÂNICA DE TERRENO COM ROLO VIBRATÓRIO, EXCLUSIVE DESMATAMENTO, DESTOCAMENTO, LIMPEZA/ROÇADA DO TERRENO | E36: =VLOOKUP(B36,Relatório!A:E,3,FALSE) -> m2 | F36: =Memória!H36 -> 3185.59 | G36: 2.75 | H36: =ROUND(G36+G36*$C$8,2) -> 3.46 | I36: =ROUND(H36*F36,2) -> 11022.14 | J36: =I36/$I$11 -> 0.0049837912
A37: 3.2 | D37: FUNDAÇÃO - SAPATA E BALDRAMES | I37: =SUM(I38:I49) -> 87667.79 | J37: =SUM(J38:J49) -> 0.03964003
A38: 3.2.1 | B38: 96521 | C38: SINAPI | D38: =VLOOKUP(B38,Relatório!A:E,2,FALSE) -> ESCAVAÇÃO MECANIZADA PARA BLOCO DE COROAMENTO OU SAPATA COM RETROESCAVADEIRA (INCLUINDO ESCAVAÇÃO PARA COLOCAÇÃO DE FÔRMAS). AF_01/2024 | E38: m3 | F38: =Memória!H39 -> 11.88 | G38: 45.1 | H38: =ROUND(G38+G38*$C$8,2) -> 56.75 | I38: =ROUND(H38*F38,2) -> 674.19 | J38: =I38/$I$11 -> 0.000304843
A39: 3.2.2 | B39: ED-51107 | C39: SICOR | D39: =VLOOKUP(B39,Relatório!A:E,2,FALSE) -> ESCAVAÇÃO MANUAL DE VALA COM PROFUNDIDADE MENOR OU IGUAL A 1,5M, INCLUSIVE DESCARGA LATERAL | E39: =VLOOKUP(B39,Relatório!A:E,3,FALSE) -> m3 | F39: =Memória!H50 -> 13.73 | G39: 71.42 | H39: =ROUND(G39+G39*$C$8,2) -> 89.87 | I39: =ROUND(H39*F39,2) -> 1233.92 | J39: =I39/$I$11 -> 0.00055793155
A40: 3.2.3 | B40: ED-51093 | C40: SICOR | D40: =VLOOKUP(B40,Relatório!A:E,2,FALSE) -> APILOAMENTO MANUAL EM FUNDO DE VALA COM SOQUETE, EXCLUSIVE ESCAVAÇÃO | E40: =VLOOKUP(B40,Relatório!A:E,3,FALSE) -> m2 | F40: =Memória!H52 -> 67.73 | G40: 24.08 | H40: =ROUND(G40+G40*$C$8,2) -> 30.3 | I40: =ROUND(H40*F40,2) -> 2052.22 | J40: =I40/$I$11 -> 0.0009279356
A41: 3.2.4 | B41: ED-49812 | C41: SICOR | D41: =VLOOKUP(B41,Relatório!A:E,2,FALSE) -> LASTRO DE CONCRETO MAGRO, INCLUSIVE TRANSPORTE, LANÇAMENTO E ADENSAMENTO | E41: =VLOOKUP(B41,Relatório!A:E,3,FALSE) -> m3 | F41: =Memória!H64 -> 1.69 | G41: 593.82 | H41: =ROUND(G41+G41*$C$8,2) -> 747.2 | I41: =ROUND(H41*F41,2) -> 1262.77 | J41: =I41/$I$11 -> 0.00057097642
A42: 3.2.5 | B42: ED-49810 | C42: SICOR | D42: =VLOOKUP(B42,Relatório!A:E,2,FALSE) -> FÔRMA E DESFORMA PARA VIGA-CINTA/BLOCO COM TÁBUA E SARRAFO, REAPROVEITAMENTO (3X) (FUNDAÇÃO) | E42: =VLOOKUP(B42,Relatório!A:E,3,FALSE) -> m2 | F42: =Memória!H76 -> 246.87 | G42: 76.62 | H42: =ROUND(G42+G42*$C$8,2) -> 96.41 | I42: =ROUND(H42*F42,2) -> 23800.74 | J42: =I42/$I$11 -> 0.010761787
A43: 3.2.6 | B43: ED-48295 | C43: SICOR | D43: CORTE, DOBRA E MONTAGEM DE AÇO CA-50, DIÂMETRO (6,3MM A 12,5MM), INCLUSIVE ESPAÇADOR - SAPATA E BALDRAME | E43: =VLOOKUP(B43,Relatório!A:E,3,FALSE) -> Kg | F43: =Memória!H79 -> 1041.47 | G43: 13.2 | H43: =ROUND(G43+G43*$C$8,2) -> 16.61 | I43: =ROUND(H43*F43,2) -> 17298.82 | J43: =I43/$I$11 -> 0.0078218665
A44: 3.2.7 | B44: ED-48296 | C44: SICOR | D44: CORTE, DOBRA E MONTAGEM DE AÇO CA-50, DIÂMETRO (16,0MM A 25,0MM), INCLUSIVE ESPAÇADOR - SAPATA E BALDRAME | E44: =VLOOKUP(B44,Relatório!A:E,3,FALSE) -> Kg | F44: =Memória!H83 -> 23.5 | G44: 13.58 | H44: =ROUND(G44+G44*$C$8,2) -> 17.09 | I44: =ROUND(H44*F44,2) -> 401.62 | J44: =I44/$I$11 -> 0.00018159724
A45: 3.2.8 | B45: ED-48297 | C45: SICOR | D45: CORTE, DOBRA E MONTAGEM DE AÇO CA-60, DIÂMETRO (4,2MM A 5,0MM), INCLUSIVE ESPAÇADOR - SAPATA E BALDRAME | E45: =VLOOKUP(B45,Relatório!A:E,3,FALSE) -> Kg | F45: =Memória!H85 -> 254.83 | G45: 13.95 | H45: =ROUND(G45+G45*$C$8,2) -> 17.55 | I45: =ROUND(H45*F45,2) -> 4472.27 | J45: =I45/$I$11 -> 0.0020221899
A46: 3.2.9 | B46: 96558 | C46: SINAPI | D46: =VLOOKUP(B46,Relatório!A:E,2,FALSE) -> CONCRETAGEM DE SAPATA, FCK 30 MPA, COM USO DE BOMBA - LANÇAMENTO, ADENSAMENTO E ACABAMENTO. AF_01/2024 | E46: m3 | F46: =Memória!H88 -> 26.39 | G46: 776 | H46: =ROUND(G46+G46*$C$8,2) -> 976.44 | I46: =ROUND(H46*F46,2) -> 25768.25 | J46: =I46/$I$11 -> 0.01165142
A47: 3.2.10 | B47: ED-50174 | C47: SICOR | D47: =VLOOKUP(B47,Relatório!A:E,2,FALSE) -> PINTURA COM EMULSÃO ASFÁLTICA, DUAS (2) DEMÃOS | E47: =VLOOKUP(B47,Relatório!A:E,3,FALSE) -> m2 | F47: =Memória!H89 -> 246.87 | G47: 31.95 | H47: =ROUND(G47+G47*$C$8,2) -> 40.2 | I47: =ROUND(H47*F47,2) -> 9924.17 | J47: =I47/$I$11 -> 0.0044873311
A48: 3.2.11 | B48: 05.11.03 | C48: SUDECAP | D48: =VLOOKUP(B48,Relatório!A:E,2,FALSE) -> MANTA GEOTEXTIL - 300 G/M2 - RES.TRACAO >= 16 KN/M | E48: m2 | F48: =Memória!H91 -> 23.29 | G48: 13.54 | H48: =ROUND(G48+G48*$C$8,2) -> 17.04 | I48: =ROUND(H48*F48,2) -> 396.86 | J48: =I48/$I$11 -> 0.00017944495
A49: 3.2.12 | B49: 05.12.06 | C49: SUDECAP | D49: DRENO BARBACÃ, DN 50MM, COM MATERIAL DRENANTE (COMPRIMENTO 50CM) REF 102726 | E49: un | F49: =Memória!H94 -> 12 | G49: 25.3 | H49: =ROUND(G49+G49*$C$8,2) -> 31.83 | I49: =ROUND(H49*F49,2) -> 381.96 | J49: =I49/$I$11 -> 0.00017270774
A50: 3.3 | D50: SUPERESTRUTURA - PILARES | I50: =SUM(I51:I53) -> 45506.12 | J50: =SUM(J51:J53) -> 0.020576132
A51: 3.3.1 | B51: ED-48295 | C51: SICOR | D51: CORTE, DOBRA E MONTAGEM DE AÇO CA-50, DIÂMETRO (6,3MM A 12,5MM), INCLUSIVE ESPAÇADOR - PILARES | E51: =VLOOKUP(B51,Relatório!A:E,3,FALSE) -> Kg | F51: =Memória!H98 -> 1715.1 | G51: 13.2 | H51: =ROUND(G51+G51*$C$8,2) -> 16.61 | I51: =ROUND(H51*F51,2) -> 28487.81 | J51: =I51/$I$11 -> 0.012881101
A52: 3.3.2 | B52: ED-49647 | C52: SICOR | D52: =VLOOKUP(B52,Relatório!A:E,2,FALSE) -> FÔRMA E DESFORMA DE COMPENSADO PLASTIFICADO, ESP. 12MM, REAPROVEITAMENTO (5X), EXCLUSIVE ESCORAMENTO | E52: =VLOOKUP(B52,Relatório!A:E,3,FALSE) -> m2 | F52: =Memória!H99 -> 148.85 | G52: 55.82 | H52: =ROUND(G52+G52*$C$8,2) -> 70.24 | I52: =ROUND(H52*F52,2) -> 10455.22 | J52: =I52/$I$11 -> 0.0047274516
A53: 3.3.3 | B53: 103672 | C53: SINAPI | D53: =VLOOKUP(B53,Relatório!A:E,2,FALSE) -> CONCRETAGEM DE PILARES, FCK = 25 MPA, COM USO DE BOMBA - LANÇAMENTO, ADENSAMENTO E ACABAMENTO. AF_02/2022_PS | E53: =VLOOKUP(B53,Relatório!A:E,3,FALSE) -> M3 | F53: =Memória!H100 -> 7.77 | G53: 671.28 | H53: =ROUND(G53+G53*$C$8,2) -> 844.67 | I53: =ROUND(H53*F53,2) -> 6563.09 | J53: =I53/$I$11 -> 0.0029675789
A54: 3.4 | D54: SUPERESTRUTURA - VIGAS | I54: =SUM(I55:I59) -> 43763.5 | J54: =SUM(J55:J59) -> 0.019788185
A55: 3.4.1 | B55: ED-48295 | C55: SICOR | D55: CORTE, DOBRA E MONTAGEM DE AÇO CA-50, DIÂMETRO (6,3MM A 12,5MM), INCLUSIVE ESPAÇADOR - VIGAS | E55: =VLOOKUP(B55,Relatório!A:E,3,FALSE) -> Kg | F55: =Memória!H102 -> 586.8 | G55: 13.2 | H55: =ROUND(G55+G55*$C$8,2) -> 16.61 | I55: =ROUND(H55*F55,2) -> 9746.75 | J55: =I55/$I$11 -> 0.0044071085
A56: 3.4.2 | B56: ED-48296 | C56: SICOR | D56: CORTE, DOBRA E MONTAGEM DE AÇO CA-50, DIÂMETRO (16,0MM A 25,0MM), INCLUSIVE ESPAÇADOR - VIGAS | E56: =VLOOKUP(B56,Relatório!A:E,3,FALSE) -> Kg | F56: =Memória!H103 -> 34.9 | G56: 13.58 | H56: =ROUND(G56+G56*$C$8,2) -> 17.09 | I56: =ROUND(H56*F56,2) -> 596.44 | J56: =I56/$I$11 -> 0.00026968742
A57: 3.4.3 | B57: ED-48297 | C57: SICOR | D57: CORTE, DOBRA E MONTAGEM DE AÇO CA-60, DIÂMETRO (4,2MM A 5,0MM), INCLUSIVE ESPAÇADOR - VIGAS | E57: =VLOOKUP(B57,Relatório!A:E,3,FALSE) -> Kg | F57: =Memória!H104 -> 259.3 | G57: 13.95 | H57: =ROUND(G57+G57*$C$8,2) -> 17.55 | I57: =ROUND(H57*F57,2) -> 4550.72 | J57: =I57/$I$11 -> 0.002057662
A58: 3.4.4 | B58: ED-19633 | C58: SICOR | D58: =VLOOKUP(B58,Relatório!A:E,2,FALSE) -> ESCORAMENTO METÁLICO PARA LAJE E VIGA EM CONCRETO ARMADO, TIPO "A", ALTURA DE (200 ATÉ 310)CM, INCLUSIVE DESCARGA, MONTAGEM, DESMONTAGEM E CARGA | E58: =VLOOKUP(B58,Relatório!A:E,3,FALSE) -> m2xmês | F58: =Memória!H105 -> 431.83 | G58: 19.87 | H58: =ROUND(G58+G58*$C$8,2) -> 25 | I58: =ROUND(H58*F58,2) -> 10795.75 | J58: =I58/$I$11 -> 0.0048814263
A59: 3.4.5 | B59: 103675 | C59: SINAPI | D59: =VLOOKUP(B59,Relatório!A:E,2,FALSE) -> CONCRETAGEM DE VIGAS E LAJES, FCK=25 MPA, PARA LAJES MACIÇAS OU NERVURADAS COM USO DE BOMBA - LANÇAMENTO, ADENSAMENTO E ACABAMENTO. AF_02/2022_PS | E59: m3 | F59: =Memória!H106 -> 21.35 | G59: 672.77 | H59: =ROUND(G59+G59*$C$8,2) -> 846.55 | I59: =ROUND(H59*F59,2) -> 18073.84 | J59: =I59/$I$11 -> 0.008172301
A60: 3.5 | D60: MURO DE ARRIMO | I60: =SUM(I61:I73) -> 8312.54 | J60: =SUM(J61:J73) -> 0.0037586135
A61: 3.5.1 | B61: 96521 | C61: SINAPI | D61: =VLOOKUP(B61,Relatório!A:E,2,FALSE) -> ESCAVAÇÃO MECANIZADA PARA BLOCO DE COROAMENTO OU SAPATA COM RETROESCAVADEIRA (INCLUINDO ESCAVAÇÃO PARA COLOCAÇÃO DE FÔRMAS). AF_01/2024 | E61: m3 | F61: =Memória!H108 -> 5.91 | G61: 45.1 | H61: =ROUND(G61+G61*$C$8,2) -> 56.75 | I61: =ROUND(H61*F61,2) -> 335.39 | J61: =I61/$I$11 -> 0.00015165056
A62: 3.5.2 | B62: ED-51107 | C62: SICOR | D62: =VLOOKUP(B62,Relatório!A:E,2,FALSE) -> ESCAVAÇÃO MANUAL DE VALA COM PROFUNDIDADE MENOR OU IGUAL A 1,5M, INCLUSIVE DESCARGA LATERAL | E62: =VLOOKUP(B62,Relatório!A:E,3,FALSE) -> m3 | F62: =Memória!H111 -> 0.8 | G62: 71.42 | H62: =ROUND(G62+G62*$C$8,2) -> 89.87 | I62: =ROUND(H62*F62,2) -> 71.9 | J62: =I62/$I$11 -> 3.2510437e-05
A63: 3.5.3 | B63: ED-51093 | C63: SICOR | D63: =VLOOKUP(B63,Relatório!A:E,2,FALSE) -> APILOAMENTO MANUAL EM FUNDO DE VALA COM SOQUETE, EXCLUSIVE ESCAVAÇÃO | E63: =VLOOKUP(B63,Relatório!A:E,3,FALSE) -> m2 | F63: =Memória!H113 -> 3.79 | G63: 24.08 | H63: =ROUND(G63+G63*$C$8,2) -> 30.3 | I63: =ROUND(H63*F63,2) -> 114.84 | J63: =I63/$I$11 -> 5.1926267e-05
A64: 3.5.4 | B64: ED-49812 | C64: SICOR | D64: =VLOOKUP(B64,Relatório!A:E,2,FALSE) -> LASTRO DE CONCRETO MAGRO, INCLUSIVE TRANSPORTE, LANÇAMENTO E ADENSAMENTO | E64: =VLOOKUP(B64,Relatório!A:E,3,FALSE) -> m3 | F64: =Memória!H116 -> 0.19 | G64: 593.82 | H64: =ROUND(G64+G64*$C$8,2) -> 747.2 | I64: =ROUND(H64*F64,2) -> 141.97 | J64: =I64/$I$11 -> 6.4193418e-05
A65: 3.5.5 | B65: ED-48295 | C65: SICOR | D65: CORTE, DOBRA E MONTAGEM DE AÇO CA-50, DIÂMETRO (6,3MM A 12,5MM), INCLUSIVE ESPAÇADOR - MURO DE ARRIMO | E65: =VLOOKUP(B65,Relatório!A:E,3,FALSE) -> Kg | F65: =Memória!H119 -> 71.81 | G65: 13.2 | H65: =ROUND(G65+G65*$C$8,2) -> 16.61 | I65: =ROUND(H65*F65,2) -> 1192.76 | J65: =I65/$I$11 -> 0.00053932057
A66: 3.5.6 | B66: ED-48297 | C66: SICOR | D66: CORTE, DOBRA E MONTAGEM DE AÇO CA-60, DIÂMETRO (4,2MM A 5,0MM), INCLUSIVE ESPAÇADOR - MURO DE ARRIMO | E66: =VLOOKUP(B66,Relatório!A:E,3,FALSE) -> Kg | F66: =Memória!H123 -> 27.64 | G66: 13.95 | H66: =ROUND(G66+G66*$C$8,2) -> 17.55 | I66: =ROUND(H66*F66,2) -> 485.08 | J66: =I66/$I$11 -> 0.00021933467
A67: 3.5.7 | B67: ED-49647 | C67: SICOR | D67: =VLOOKUP(B67,Relatório!A:E,2,FALSE) -> FÔRMA E DESFORMA DE COMPENSADO PLASTIFICADO, ESP. 12MM, REAPROVEITAMENTO (5X), EXCLUSIVE ESCORAMENTO | E67: =VLOOKUP(B67,Relatório!A:E,3,FALSE) -> m2 | F67: =Memória!H127 -> 16.9 | G67: 55.82 | H67: =ROUND(G67+G67*$C$8,2) -> 70.24 | I67: =ROUND(H67*F67,2) -> 1187.06 | J67: =I67/$I$11 -> 0.00053674325
A68: 3.5.8 | B68: 103675 | C68: SINAPI | D68: =VLOOKUP(B68,Relatório!A:E,2,FALSE) -> CONCRETAGEM DE VIGAS E LAJES, FCK=25 MPA, PARA LAJES MACIÇAS OU NERVURADAS COM USO DE BOMBA - LANÇAMENTO, ADENSAMENTO E ACABAMENTO. AF_02/2022_PS | E68: =VLOOKUP(B68,Relatório!A:E,3,FALSE) -> M3 | F68: =Memória!H131 -> 1.71 | G68: 672.77 | H68: =ROUND(G68+G68*$C$8,2) -> 846.55 | I68: =ROUND(H68*F68,2) -> 1447.6 | J68: =I68/$I$11 -> 0.0006545495
A69: 3.5.9 | B69: ED-48216 | C69: SICOR | D69: ALVENARIA DE BLOCO DE CONCRETO CHEIO SEM ARMAÇÃO, EM CONCRETO COM FCK 15MPA , ESP. 14CM, PARA REVESTIMENTO, INCLUSIVE ARGAMASSA PARA ASSENTAMENTO (DETALHE D - CADERNO SEDS) | E69: =VLOOKUP(B69,Relatório!A:E,3,FALSE) -> m2 | F69: =Memória!H135 -> 11.41 | G69: 149.99 | H69: =ROUND(G69+G69*$C$8,2) -> 188.73 | I69: =ROUND(H69*F69,2) -> 2153.41 | J69: =I69/$I$11 -> 0.00097368985
A70: 3.5.10 | B70: ED-50727 | C70: SICOR | D70: =VLOOKUP(B70,Relatório!A:E,2,FALSE) -> CHAPISCO COM ARGAMASSA, TRAÇO 1:3 (CIMENTO E AREIA), ESP. 5MM, APLICADO EM ALVENARIA/ESTRUTURA DE CONCRETO COM COLHER, INCLUSIVE ARGAMASSA COM PREPARO MECANIZADO | E70: =VLOOKUP(B70,Relatório!A:E,3,FALSE) -> m2 | F70: =Memória!H137 -> 11.41 | G70: 9.68 | H70: =ROUND(G70+G70*$C$8,2) -> 12.18 | I70: =ROUND(H70*F70,2) -> 138.97 | J70: =I70/$I$11 -> 6.2836933e-05
A71: 3.5.11 | B71: ED-50760 | C71: SICOR | D71: =VLOOKUP(B71,Relatório!A:E,2,FALSE) -> REBOCO COM ARGAMASSA, TRAÇO 1:2:9 (CIMENTO, CAL E AREIA), COM ADITIVO IMPERMEABILIZANTE, ESP. 20MM, APLICAÇÃO MANUAL, INCLUSIVE ARGAMASSA COM PREPARO MECANIZADO, EXCLUSIVE CHAPISCO | E71: =VLOOKUP(B71,Relatório!A:E,3,FALSE) -> m2 | F71: =Memória!H139 -> 11.41 | G71: 52.21 | H71: =ROUND(G71+G71*$C$8,2) -> 65.7 | I71: =ROUND(H71*F71,2) -> 749.64 | J71: =I71/$I$11 -> 0.00033895861
A72: 3.5.12 | B72: 88415 | C72: SINAPI | D72: =VLOOKUP(B72,Relatório!A:E,2,FALSE) -> APLICAÇÃO MANUAL DE FUNDO SELADOR ACRÍLICO EM PAREDES EXTERNAS DE CASAS. AF_03/2024 | E72: m2 | F72: =Memória!H141 -> 11.41 | G72: 5.88 | H72: =ROUND(G72+G72*$C$8,2) -> 7.4 | I72: =ROUND(H72*F72,2) -> 84.43 | J72: =I72/$I$11 -> 3.8176025e-05
A73: 3.5.13 | B73: 88489 | C73: SINAPI | D73: =VLOOKUP(B73,Relatório!A:E,2,FALSE) -> PINTURA LÁTEX ACRÍLICA PREMIUM, APLICAÇÃO MANUAL EM PAREDES, DUAS DEMÃOS. AF_04/2023 | E73: m2 | F73: =Memória!H143 -> 11.41 | G73: 14.59 | H73: =ROUND(G73+G73*$C$8,2) -> 18.36 | I73: =ROUND(H73*F73,2) -> 209.49 | J73: =I73/$I$11 -> 9.4723386e-05
A74: 4. | D74: ALVENARIAS, VERGAS E CONTRAVERGAS | I74: =SUM(I75:I82) -> 85354.78 | J74: =SUM(J75:J82) -> 0.038594175
A75: 4.1 | B75: ED-48232 | C75: SICOR | D75: =VLOOKUP(B75,Relatório!A:E,2,FALSE) -> ALVENARIA DE VEDAÇÃO COM TIJOLO CERÂMICO FURADO, ESP. 14CM, PARA REVESTIMENTO, INCLUSIVE ARGAMASSA PARA ASSENTAMENTO | E75: =VLOOKUP(B75,Relatório!A:E,3,FALSE) -> m2 | F75: =Memória!H146 -> 851.04 | G75: 70.88 | H75: =ROUND(G75+G75*$C$8,2) -> 89.19 | I75: =ROUND(H75*F75,2) -> 75904.26 | J75: =I75/$I$11 -> 0.034321011
A76: 4.2 | B76: ED-48201 | C76: SICOR | D76: ALVENARIA ESTRUTURAL COM BLOCO DE CONCRETO, ESP. 14CM, (FBK 4,5MPA), INCLUSIVE ARGAMASSA PARA ASSENTAMENTO | E76: m2 | F76: =Memória!H154 -> 6.37 | G76: 84.19 | H76: =ROUND(G76+G76*$C$8,2) -> 105.94 | I76: =ROUND(H76*F76,2) -> 674.84 | J76: =I76/$I$11 -> 0.0003051369
A77: 4.3 | B77: 105036 | C77: SINAPI | D77: VERGA PRÉ-FABRICADA COM ATÉ 1,5 M DE VÃO, ESPESSURA DE *15* CM. AF_03/2024 - JANELAS | E77: m | F77: =Memória!H156 -> 48.44 | G77: 52.33 | H77: =ROUND(G77+G77*$C$8,2) -> 65.85 | I77: =ROUND(H77*F77,2) -> 3189.77 | J77: =I77/$I$11 -> 0.0014422923
A78: 4.4 | B78: 40837 | C78: SBC | D78: VERGA PRE-MOLDADA PARA JANELAS MAIOR 1,5M DE VAO | E78: m | F78: =Memória!H162 -> 8.96 | G78: 70.06 | H78: =ROUND(G78+G78*$C$8,2) -> 88.16 | I78: =ROUND(H78*F78,2) -> 789.91 | J78: =I78/$I$11 -> 0.00035716717
A79: 4.5 | B79: 105035 | C79: SINAPI | D79: =VLOOKUP(B79,Relatório!A:E,2,FALSE) -> VERGA PRÉ-FABRICADA COM ATÉ 1,5 M DE VÃO, ESPESSURA DE *20* CM. AF_03/2024 | E79: m | F79: =Memória!H164 -> 22.68 | G79: 72.58 | H79: =ROUND(G79+G79*$C$8,2) -> 91.33 | I79: =ROUND(H79*F79,2) -> 2071.36 | J79: =I79/$I$11 -> 0.00093658997
A80: 4.6 | B80: 40839 | C80: SBC | D80: VERGA PRE-MOLDADA PARA PORTA MAIOR 1,5M DE VAO | E80: m | F80: =Memória!H169 -> 2.8 | G80: 63.94 | H80: =ROUND(G80+G80*$C$8,2) -> 80.46 | I80: =ROUND(H80*F80,2) -> 225.29 | J80: =I80/$I$11 -> 0.00010186754
A81: 4.7 | B81: 93194 | C81: SINAPI | D81: =VLOOKUP(B81,Relatório!A:E,2,FALSE) -> CONTRAVERGA PRÉ-MOLDADA, ESPESSURA DE *20* CM. AF_03/2024 | E81: m | F81: =Memória!H171 -> 48.44 | G81: 31.37 | H81: =ROUND(G81+G81*$C$8,2) -> 39.47 | I81: =ROUND(H81*F81,2) -> 1911.93 | J81: =I81/$I$11 -> 0.00086450181
A82: 4.8 | B82: 105039 | C82: SINAPI | D82: CONTRAVERGA PRÉ-FABRICADA, ESPESSURA DE *15* CM. AF_03/2024 | E82: m | F82: =Memória!H177 -> 8.96 | G82: 52.1 | H82: =ROUND(G82+G82*$C$8,2) -> 65.56 | I82: =ROUND(H82*F82,2) -> 587.42 | J82: =I82/$I$11 -> 0.00026560892
A83: 5. | D83: LAJES | I83: =I84+I87 -> 176004.14 | J83: =J84+J87 -> 0.079582358
A84: 5.1 | D84: LAJE - COBETURA | I84: =SUM(I85:I86) -> 122758.71 | J84: =SUM(J85:J86) -> 0.055506806
A85: 5.1.1 | B85: ED-50848 | C85: SICOR | D85: =VLOOKUP(B85,Relatório!A:E,2,FALSE) -> LAJE 10 CM MACIÇA DE CONCRETO 20 MPa, COM ARMAÇÃO, FÔRMA RESINADA, ESCORAMENTO E DESFORMA | E85: =VLOOKUP(B85,Relatório!A:E,3,FALSE) -> m2 | F85: =Memória!H181 -> 398.37 | G85: 234.76 | H85: =ROUND(G85+G85*$C$8,2) -> 295.4 | I85: =ROUND(H85*F85,2) -> 117678.5 | J85: =I85/$I$11 -> 0.053209729 | K85: 20% de atestado
A86: 5.1.2 | B86: ED-50168 | C86: SICOR | D86: IMPERMEABILIZAÇÃO COM MANTA ASFÁLTICA, TIPO III, CLASSE A, ESP. 4MM, INCLUSIVE APLICAÇÃO DE PRIMER ASFÁLTICO | E86: =VLOOKUP(B86,Relatório!A:E,3,FALSE) -> m2 | F86: =Memória!H182 -> 55.07 | G86: =VLOOKUP(B86,Relatório!A:E,4,FALSE) -> 73.31 | H86: =ROUND(G86+G86*$C$8,2) -> 92.25 | I86: =ROUND(H86*F86,2) -> 5080.21 | J86: =I86/$I$11 -> 0.0022970772
A87: 5.2 | D87: LAJE - PISO | I87: =SUM(I88:I91) -> 53245.43 | J87: =SUM(J88:J91) -> 0.024075552
A88: 5.2.1 | B88: ED-51124 | C88: SICOR | D88: =VLOOKUP(B88,Relatório!A:E,2,FALSE) -> REGULARIZAÇÃO E COMPACTAÇÃO MECÂNICA DE TERRENO COM ROLO VIBRATÓRIO, EXCLUSIVE DESMATAMENTO, DESTOCAMENTO, LIMPEZA/ROÇADA DO TERRENO | E88: =VLOOKUP(B88,Relatório!A:E,3,FALSE) -> m2 | F88: =Memória!H185 -> 412.11 | G88: 2.75 | H88: =ROUND(G88+G88*$C$8,2) -> 3.46 | I88: =ROUND(H88*F88,2) -> 1425.9 | J88: =I88/$I$11 -> 0.00064473759
A89: 5.2.2 | B89: 95241 | C89: SINAPI | D89: =VLOOKUP(B89,Relatório!A:E,2,FALSE) -> LASTRO DE CONCRETO MAGRO, APLICADO EM PISOS, LAJES SOBRE SOLO OU RADIERS, ESPESSURA DE 5 CM. AF_01/2024 | E89: m2 | F89: =Memória!H204 -> 412.11 | G89: 43.12 | H89: =ROUND(G89+G89*$C$8,2) -> 54.26 | I89: =ROUND(H89*F89,2) -> 22361.09 | J89: =I89/$I$11 -> 0.010110832
A90: 5.2.3 | B90: ED-13287 | C90: SICOR | D90: =VLOOKUP(B90,Relatório!A:E,2,FALSE) -> CAMADA DE REGULARIZAÇÃO COM ARGAMASSA, TRAÇO 1:3 (CIMENTO E AREIA), ESP. 20MM, APLICAÇÃO MANUAL, INCLUSIVE ARGAMASSA COM PREPARO MECANIZADO | E90: =VLOOKUP(B90,Relatório!A:E,3,FALSE) -> m2 | F90: =Memória!H205 -> 412.11 | G90: 38.4 | H90: =ROUND(G90+G90*$C$8,2) -> 48.32 | I90: =ROUND(H90*F90,2) -> 19913.16 | J90: =I90/$I$11 -> 0.0090039713
A91: 5.2.4 | B91: ED-50175 | C91: SICOR | D91: IMPERMEABILIZAÇÃO COM ARGAMASSA POLIMÉRICA, INCLUSIVE PREPARO MANUAL DA ARGAMASSA | E91: =VLOOKUP(B91,Relatório!A:E,3,FALSE) -> m2 | F91: =Memória!H206 -> 319.24 | G91: 23.76 | H91: =ROUND(G91+G91*$C$8,2) -> 29.9 | I91: =ROUND(H91*F91,2) -> 9545.28 | J91: =I91/$I$11 -> 0.0043160115
A92: 6. | D92: REVESTIMENTO ARGAMASSADO | I92: =SUM(I93:I95) -> 86163.84 | J92: =SUM(J93:J95) -> 0.038960002
A93: 6.1 | B93: ED-50727 | C93: SICOR | D93: =VLOOKUP(B93,Relatório!A:E,2,FALSE) -> CHAPISCO COM ARGAMASSA, TRAÇO 1:3 (CIMENTO E AREIA), ESP. 5MM, APLICADO EM ALVENARIA/ESTRUTURA DE CONCRETO COM COLHER, INCLUSIVE ARGAMASSA COM PREPARO MECANIZADO | E93: =VLOOKUP(B93,Relatório!A:E,3,FALSE) -> m2 | F93: =Memória!H209 -> 1471.26 | G93: 9.68 | H93: =ROUND(G93+G93*$C$8,2) -> 12.18 | I93: =ROUND(H93*F93,2) -> 17919.95 | J93: =I93/$I$11 -> 0.0081027178
A94: 6.2 | B94: ED-50732 | C94: SICOR | D94: =VLOOKUP(B94,Relatório!A:E,2,FALSE) -> EMBOÇO COM ARGAMASSA, TRAÇO 1:6 (CIMENTO E AREIA), ESP. 20MM, APLICAÇÃO MANUAL, INCLUSIVE ARGAMASSA COM PREPARO MECANIZADO, EXCLUSIVE CHAPISCO | E94: =VLOOKUP(B94,Relatório!A:E,3,FALSE) -> m2 | F94: =Memória!H234 -> 261.74 | G94: 35.48 | H94: =ROUND(G94+G94*$C$8,2) -> 44.64 | I94: =ROUND(H94*F94,2) -> 11684.07 | J94: =I94/$I$11 -> 0.0052830907
A95: 6.3 | B95: ED-50761 | C95: SICOR | D95: =VLOOKUP(B95,Relatório!A:E,2,FALSE) -> REBOCO COM ARGAMASSA, TRAÇO 1:2:8 (CIMENTO, CAL E AREIA), ESP. 20MM, APLICAÇÃO MANUAL, INCLUSIVE ARGAMASSA COM PREPARO MECANIZADO, EXCLUSIVE CHAPISCO | E95: =VLOOKUP(B95,Relatório!A:E,3,FALSE) -> m2 | F95: =Memória!H241 -> 1196.78 | G95: 37.56 | H95: =ROUND(G95+G95*$C$8,2) -> 47.26 | I95: =ROUND(H95*F95,2) -> 56559.82 | J95: =I95/$I$11 -> 0.025574193
A96: 7. | D96: INSTALAÇÕS HIDROSSANITÁRIAS | I96: =I97+I105+I122+I126+I136+I159+I162 -> 120354.65 | J96: =J97+J105+J122+J126+J136+J159+J162 -> 0.054419782
A97: 7.1 | D97: ÁGUA FRIA | I97: =SUM(I98:I104) -> 16036.99 | J97: =SUM(J98:J104) -> 0.0072513151
A98: 7.1.1 | B98: ED-50221 | C98: SICOR | D98: =VLOOKUP(B98,Relatório!A:E,2,FALSE) -> PONTO DE EMBUTIR PARA ÁGUA FRIA EM TUBO DE PVC RÍGIDO SOLDÁVEL, DN 20MM (1/2"), EMBUTIDO NA ALVENARIA COM DISTÂNCIA DE ATÉ CINCO (5) METROS DA TOMADA DE ÁGUA, INCLUSIVE CONEXÕES E FIXAÇÃO DO TUBO COM ENCHIMENTO DO RASGO NA ALVENARIA/CONCRETO COM ARGAMASSA | E98: =VLOOKUP(B98,Relatório!A:E,3,FALSE) -> un | F98: =Memória!H268 -> 34 | G98: 138 | H98: =ROUND(G98+G98*$C$8,2) -> 173.65 | I98: =ROUND(H98*F98,2) -> 5904.1 | J98: =I98/$I$11 -> 0.0026696088
A99: 7.1.2 | B99: ED-50019 | C99: SICOR | D99: =VLOOKUP(B99,Relatório!A:E,2,FALSE) -> FORNECIMENTO E ASSENTAMENTO DE TUBO PVC RÍGIDO SOLDÁVEL, ÁGUA FRIA, DN 25 MM (3/4") , INCLUSIVE CONEXÕES | E99: =VLOOKUP(B99,Relatório!A:E,3,FALSE) -> m | F99: =Memória!H269 -> 170.08 | G99: 23.29 | H99: =ROUND(G99+G99*$C$8,2) -> 29.31 | I99: =ROUND(H99*F99,2) -> 4985.04 | J99: =I99/$I$11 -> 0.0022540449
A100: 7.1.3 | B100: ED-50020 | C100: SICOR | D100: =VLOOKUP(B100,Relatório!A:E,2,FALSE) -> FORNECIMENTO E ASSENTAMENTO DE TUBO PVC RÍGIDO SOLDÁVEL, ÁGUA FRIA, DN 32 MM (1") , INCLUSIVE CONEXÕES | E100: =VLOOKUP(B100,Relatório!A:E,3,FALSE) -> m | F100: =Memória!H270 -> 34.42 | G100: 30.18 | H100: =ROUND(G100+G100*$C$8,2) -> 37.98 | I100: =ROUND(H100*F100,2) -> 1307.27 | J100: =I100/$I$11 -> 0.00059109762
A101: 7.1.4 | B101: ED-50021 | C101: SICOR | D101: =VLOOKUP(B101,Relatório!A:E,2,FALSE) -> FORNECIMENTO E ASSENTAMENTO DE TUBO PVC RÍGIDO SOLDÁVEL, ÁGUA FRIA, DN 40 MM (1.1/4"), INCLUSIVE CONEXÕES | E101: =VLOOKUP(B101,Relatório!A:E,3,FALSE) -> m | F101: =Memória!H271 -> 5.57 | G101: 37.44 | H101: =ROUND(G101+G101*$C$8,2) -> 47.11 | I101: =ROUND(H101*F101,2) -> 262.4 | J101: =I101/$I$11 -> 0.00011864727
A102: 7.1.5 | B102: ED-50022 | C102: SICOR | D102: =VLOOKUP(B102,Relatório!A:E,2,FALSE) -> FORNECIMENTO E ASSENTAMENTO DE TUBO PVC RÍGIDO SOLDÁVEL, ÁGUA FRIA, DN 50 MM (1.1/2"), INCLUSIVE CONEXÕES | E102: =VLOOKUP(B102,Relatório!A:E,3,FALSE) -> m | F102: =Memória!H272 -> 23.57 | G102: 35.49 | H102: =ROUND(G102+G102*$C$8,2) -> 44.66 | I102: =ROUND(H102*F102,2) -> 1052.64 | J102: =I102/$I$11 -> 0.00047596365
A103: 7.1.6 | B103: ED-49936 | C103: SICOR | D103: =VLOOKUP(B103,Relatório!A:E,2,FALSE) -> CAIXA D´ÁGUA DE POLIETILENO, CAPACIDADE DE 1.000L, INCLUSIVE TAMPA, TORNEIRA DE BOIA, EXTRAVASOR, TUBO DE LIMPEZA E ACESSÓRIOS, EXCLUSIVE TUBULAÇÃO DE ENTRADA/SAÍDA DE ÁGUA | E103: =VLOOKUP(B103,Relatório!A:E,3,FALSE) -> un | F103: =Memória!H273 -> 2 | G103: 992.19 | H103: =ROUND(G103+G103*$C$8,2) -> 1248.47 | I103: =ROUND(H103*F103,2) -> 2496.94 | J103: =I103/$I$11 -> 0.001129021
...

Sheet Memória
A1: MEMÓRIA DE CÁLCULO
A3: CONTRATANTE: PREFEITURA MUNICIPAL DE SÃO JOSÉ DA VARGINHA
A4: =Orçamento!A5 -> OBRA: CONSTRUÇÃO DO CENTRO DE REFERÊNCIA EM ASSISTÊNCIA SOCIAL (CRAS) - SÃO JOSÉ DA VARGINHA - CONFORME FDI OBR21 VALE
A5: DATA : 06/03/2026
A6: ITEM | B6: DISCRIMINAÇÃO | C6: X | D6: DIMENSÕES | G6: QUANTIDADES | I6: UN.
D7: COMP. | E7: LARG. | F7: ALTURA | G7: AUXILIAR | H7: DEFINITIVA
A8: =Orçamento!A12 -> 1. | B8: =Orçamento!D12 -> ADMINISTRAÇÃO LOCAL
A9: =Orçamento!A13 -> 1.1 | B9: =Orçamento!D13 -> ENGENHEIRO CIVIL DE OBRA JUNIOR COM ENCARGOS COMPLEMENTARES | H9: 140 | I9: =Orçamento!E13 -> h
A10: =Orçamento!A14 -> 1.2 | B10: =Orçamento!D14 -> ENCARREGADO GERAL COM ENCARGOS COMPLEMENTARES | H10: 370 | I10: =Orçamento!E14 -> h
A11: =Orçamento!A15 -> 1.3 | B11: =Orçamento!D15 -> VIGIA NOTURNO COM ENCARGOS COMPLEMENTARES | H11: 6 | I11: =Orçamento!E15 -> mês
A12: =Orçamento!A16 -> 2. | B12: =Orçamento!D16 -> SERVIÇOS PRELIMINARES
A13: =Orçamento!A17 -> 2.1 | B13: =Orçamento!D17 -> MOBILIZAÇÃO DA OBRA
A14: =Orçamento!A18 -> 2.1.1 | B14: =Orçamento!D18 -> MOBILIZACAO E DESMOBILIZACAO DE CANTEIRO | H14: 1 | I14: =Orçamento!E18 -> un
A15: =Orçamento!A19 -> 2.2 | B15: =Orçamento!D19 -> INSTALAÇÕES PROVISÓRIAS
A16: =Orçamento!A20 -> 2.2.1 | B16: =Orçamento!D20 -> FORNECIMENTO E COLOCAÇÃO DE PLACA DE OBRA EM CHAPA GALVANIZADA #26, ESP. 0,45MM, DIMENSÃO (3X1,5)M, PLOTADA COM ADESIVO VINÍLICO, AFIXADA COM REBITES 4,8X40MM, EM ESTRUTURA METÁLICA DE METALON 20X20MM, ESP. 1,25MM, INCLUSIVE SUPORTE EM EUCALIPTO AUTOCLAVADO PINTADO COM TINTA PVA DUAS (2) DEMÃOS | H16: 1 | I16: =Orçamento!E20 -> un
A17: =Orçamento!A21 -> 2.2.2 | B17: =Orçamento!D21 -> TAPUME FIXO DE PROTEÇÃO PARA FECHAMENTO DE OBRA EM TELHA METÁLICA GALVANIZADA, TIPO TRAPEZOIDAL, ESP. 0,5MM, COM MÓDULO NA DIMENSÃO DE (300X220)CM, COM REAPROVEITAMENTO, EXCLUSIVE PINTURA ESMALTE, INCLUSIVE PONTALETE E FIXAÇÃO | H17: =G18 -> 292.42 | I17: =Orçamento!E21 -> m2
B18: Referente ao fechamento da obra | D18: =40.71+2.76+37.9+24.6+26.95 -> 132.92 | E18: 2.2 | G18: =ROUND(PRODUCT(C18:F18),2) -> 292.42
A19: =Orçamento!A22 -> 2.2.3 | B19: =Orçamento!D22 -> MOBILIZAÇÃO E DESMOBILIZAÇÃO DE CONTAINER, INCLUSIVE CARGA, DESCARGA E TRANSPORTE EM CAMINHÃO CARROCERIA COM GUINDAUTO (MUNCK), EXCLUSIVE LOCAÇÃO DO CONTAINER | H19: 2 | I19: =Orçamento!E22 -> un
A20: =Orçamento!A23 -> 2.2.4 | B20: =Orçamento!D23 -> LOCAÇÃO DE CONTAINER COM ISOLAMENTO TÉRMICO, TIPO 2, PARA ESCRITÓRIO DE OBRA COM SANITÁRIO CONTENDO UM (1) VASO SANITÁRIO E UM (1) LAVATÓRIO, COM MEDIDAS REFERENCIAIS DE (6) METROS COMPRIMENTO, (2,3) METROS LARGURA E (2,5) METROS ALTURA ÚTIL INTERNA, INCLUSIVE AR CONDICIONADO E LIGAÇÕES ELÉTRICAS E HIDROSSANITÁRIAS INTERNAS, EXCLUSIVE MOBILIZAÇÃO/DESMOBILIZAÇÃO E LIGAÇÕES PROVISÓRIAS EXTERNAS | H20: 12 | I20: =Orçamento!E23 -> mês
A21: =Orçamento!A24 -> 2.2.5 | B21: =Orçamento!D24 -> LOCAÇÃO DE CONTAINER COM ISOLAMENTO TÉRMICO, TIPO 3, PARA DEPÓSITO/FERRAMENTARIA DE OBRA, COM MEDIDAS REFERENCIAIS DE (6) METROS COMPRIMENTO, (2,3) METROS LARGURA E (2,5) METROS ALTURA ÚTIL INTERNA, INCLUSIVE LIGAÇÕES ELÉTRICAS INTERNAS, EXCLUSIVE MOBILIZAÇÃO/DESMOBILIZAÇÃO E LIGAÇÕES PROVISÓRIAS EXTERNAS | H21: 12 | I21: =Orçamento!E24 -> mês
A22: =Orçamento!A25 -> 2.2.6 | B22: =Orçamento!D25 -> LIGAÇÕES PROVISÓRIAS PARA CONTAINER TIPO 2 (CORRESPONDENTE AO CÓDIGO ED-16349) | H22: 1 | I22: =Orçamento!E25 -> un
A23: =Orçamento!A26 -> 2.2.7 | B23: =Orçamento!D26 -> LIGAÇÕES PROVISÓRIAS PARA CONTAINER TIPO 3 (CORRESPONDENTE AO CÓDIGO ED-16350) | H23: 1 | I23: =Orçamento!E26 -> un
A24: =Orçamento!A27 -> 2.2.8 | B24: =Orçamento!D27 -> LIGAÇÃO DE ÁGUA PROVISÓRIA PARA CANTEIRO, INCLUSIVE HIDRÔMETRO E CAVALETE PARA MEDIÇÃO DE ÁGUA - ENTRADA PRINCIPAL, EM AÇO GALVANIZADO DN 20MM (1/2") - PADRÃO CONCESSIONÁRIA | H24: 1 | I24: =Orçamento!E27 -> un
A25: =Orçamento!A28 -> 2.2.9 | B25: =Orçamento!D28 -> LIGAÇÃO PROVISÓRIA COM ENTRADA DE ENERGIA AÉREA, PADRÃO CEMIG, CARGA INSTALADA DE 15,1KVA ATÉ 30KVA, TRIFÁSICO, COM SAÍDA SUBTERRÂNEA, INCLUSIVE POSTE, CAIXA PARA MEDIDOR, DISJUNTOR, BARRAMENTO, ATERRAMENTO E ACESSÓRIOS | H25: 1 | I25: =Orçamento!E28 -> un
A26: =Orçamento!A29 -> 2.3 | B26: =Orçamento!D29 -> LOCAÇÃO DE OBRA - GABARITO
A27: =Orçamento!A30 -> 2.3.1 | B27: =Orçamento!D30 -> LOCAÇÃO DE OBRA COM GABARITO DE MADEIRA | H27: 433.67 | I27: =Orçamento!E30 -> m2
A28: =Orçamento!A31 -> 3. | B28: =Orçamento!D31 -> MOVIMENTAÇÃO DE TERRA, FUNDAÇÕES E SUPERESTRUTURA
A29: =Orçamento!A32 -> 3.1 | B29: =Orçamento!D32 -> MOVIMENTAÇÃO DE TERRA
A30: =Orçamento!A33 -> 3.1.1 | B30: =Orçamento!D33 -> ESCAVAÇÃO MECÂNICA EM MATERIAL DE 1ª CATEGORIA, INCLUSIVE CARGA EM CAMINHÃO, EXCLUSIVE TRANSPORTE E DESCARGA | H30: =SUM(G31:G31) -> 952.29 | I30: =Orçamento!E33 -> m3
B31: Conforme levamtamento planialtimétrico | G31: 952.29
A32: =Orçamento!A34 -> 3.1.2 | B32: =Orçamento!D34 -> TRANSPORTE DE MATERIAL DE QUALQUER NATUREZA EM CAMINHÃO, DISTÂNCIA MAIOR QUE 5KM E MENOR OU IGUAL A 10KM, DENTRO DO PERÍMETRO URBANO, EXCLUSIVE CARGA, INCLUSIVE DESCARGA | H32: =G33 -> 12379.77 | I32: =Orçamento!E34 -> m3xkm
B33: Dmt = 10km EMPOLAMENTO = 30% | C33: 10 | D33: =H30 -> 952.29 | E33: 1.3 | G33: =ROUND(PRODUCT(C33:F33),2) -> 12379.77
A34: =Orçamento!A35 -> 3.1.3 | B34: =Orçamento!D35 -> COMPACTAÇÃO MECÂNICA DE ATERRO COM ROLO VIBRATÓRIO A 95% DO PROCTOR NORMAL, INCLUSIVE ESPALHAMENTO | H34: =G35 -> 142.31 | I34: =Orçamento!E35 -> m3
B35: Conforme levamtamento planialtimétrico EMPOLAMENTO = 30% | C35: 1.3 | D35: 109.47 | G35: =ROUND(PRODUCT(C35:F35),2) -> 142.31
A36: =Orçamento!A36 -> 3.1.4 | B36: =Orçamento!D36 -> REGULARIZAÇÃO E COMPACTAÇÃO MECÂNICA DE TERRENO COM ROLO VIBRATÓRIO, EXCLUSIVE DESMATAMENTO, DESTOCAMENTO, LIMPEZA/ROÇADA DO TERRENO | H36: =SUM(G37:G37) -> 3185.59 | I36: =Orçamento!E36 -> m2
B37: Conforme levamtamento planialtimétrico | G37: 3185.59
A38: =Orçamento!A37 -> 3.2 | B38: =Orçamento!D37 -> FUNDAÇÃO - SAPATA E BALDRAMES
A39: =Orçamento!A38 -> 3.2.1 | B39: =Orçamento!D38 -> ESCAVAÇÃO MECANIZADA PARA BLOCO DE COROAMENTO OU SAPATA COM RETROESCAVADEIRA (INCLUINDO ESCAVAÇÃO PARA COLOCAÇÃO DE FÔRMAS). AF_01/2024 | H39: =SUM(G40:G49) -> 11.88 | I39: =Orçamento!E38 -> m3
B40: P1, P7 e P33 | C40: 3 | D40: 0.95 | E40: 1.15 | F40: 0.35 | G40: =ROUND(PRODUCT(C40:F40),2) -> 1.15
B41: P2, P3, P4, P5, P9, P11, P15, P28, P34, P35, P38 e P39 | C41: 12 | D41: 0.85 | E41: 1.05 | F41: 0.35 | G41: =ROUND(PRODUCT(C41:F41),2) -> 3.75
B42: P6 | C42: 1 | D42: 1.1 | E42: 0.75 | F42: 0.35 | G42: =ROUND(PRODUCT(C42:F42),2) -> 0.29
B43: P8 | C43: 1 | D43: 0.95 | E43: 1.15 | F43: 0.35 | G43: =ROUND(PRODUCT(C43:F43),2) -> 0.38
B44: P10, P17, P19, P22, P24, P26 e P29 | C44: 7 | D44: 0.95 | E44: 0.75 | F44: 0.35 | G44: =ROUND(PRODUCT(C44:F44),2) -> 1.75
B45: P12, P14, P16, P22, P24, P26 e P29 | C45: 7 | D45: 0.75 | E45: 0.95 | F45: 0.35 | G45: =ROUND(PRODUCT(C45:F45),2) -> 1.75
B46: P18, P20, P23 e P25 | C46: 4 | D46: 1.15 | E46: 0.95 | F46: 0.35 | G46: =ROUND(PRODUCT(C46:F46),2) -> 1.53
B47: P13-P40 | C47: 1 | D47: 1.85 | E47: 1 | F47: 0.35 | G47: =ROUND(PRODUCT(C47:F47),2) -> 0.65
B48: P27-P41 | C48: 1 | D48: 1.8 | E48: 1 | F48: 0.35 | G48: =ROUND(PRODUCT(C48:F48),2) -> 0.63
B49: Referente aos arranques
A50: =Orçamento!A39 -> 3.2.2 | B50: =Orçamento!D39 -> ESCAVAÇÃO MANUAL DE VALA COM PROFUNDIDADE MENOR OU IGUAL A 1,5M, INCLUSIVE DESCARGA LATERAL | H50: =G51 -> 13.73 | I50: =Orçamento!E39 -> m3
B51: Referente as baldrames, conforme memorial do estrutural | G51: 13.73
A52: =Orçamento!A40 -> 3.2.3 | B52: =Orçamento!D40 -> APILOAMENTO MANUAL EM FUNDO DE VALA COM SOQUETE, EXCLUSIVE ESCAVAÇÃO | H52: =SUM(G53:G63) -> 67.73 | I52: =Orçamento!E40 -> m2
B53: Referente as sapatas
B54: P1, P7 e P33 | C54: 3 | D54: 0.95 | E54: 1.15 | G54: =ROUND(PRODUCT(C54:F54),2) -> 3.28
B55: P2, P3, P4, P5, P9, P11, P15, P28, P34, P35, P38 e P39 | C55: 12 | D55: 0.85 | E55: 1.05 | G55: =ROUND(PRODUCT(C55:F55),2) -> 10.71
B56: P6 | C56: 1 | D56: 1.1 | E56: 0.75 | G56: =ROUND(PRODUCT(C56:F56),2) -> 0.83
B57: P8 | C57: 1 | D57: 0.95 | E57: 1.15 | G57: =ROUND(PRODUCT(C57:F57),2) -> 1.09
B58: P10, P17, P19, P22, P24, P26 e P29 | C58: 7 | D58: 0.95 | E58: 0.75 | G58: =ROUND(PRODUCT(C58:F58),2) -> 4.99
B59: P12, P14, P16, P22, P24, P26 e P29 | C59: 7 | D59: 0.75 | E59: 0.95 | G59: =ROUND(PRODUCT(C59:F59),2) -> 4.99
B60: P18, P20, P23 e P25 | C60: 4 | D60: 1.15 | E60: 0.95 | G60: =ROUND(PRODUCT(C60:F60),2) -> 4.37
B61: P13-P40 | C61: 1 | D61: 1.85 | E61: 1 | G61: =ROUND(PRODUCT(C61:F61),2) -> 1.85
B62: P27-P41 | C62: 1 | D62: 1.8 | E62: 1 | G62: =ROUND(PRODUCT(C62:F62),2) -> 1.8
B63: Referente as baldrames | G63: 33.82
A64: =Orçamento!A41 -> 3.2.4 | B64: =Orçamento!D41 -> LASTRO DE CONCRETO MAGRO, INCLUSIVE TRANSPORTE, LANÇAMENTO E ADENSAMENTO | H64: =SUM(G66:G75) -> 1.69 | I64: =Orçamento!E41 -> m3
B65: Referente as sapatas
B66: P1, P7 e P33 | C66: 3 | D66: 0.95 | E66: 1.15 | F66: 0.05 | G66: =ROUND(PRODUCT(C66:F66),2) -> 0.16
B67: P2, P3, P4, P5, P9, P11, P15, P28, P34, P35, P38 e P39 | C67: 12 | D67: 0.85 | E67: 1.05 | F67: 0.05 | G67: =ROUND(PRODUCT(C67:F67),2) -> 0.54
B68: P6 | C68: 1 | D68: 1.1 | E68: 0.75 | F68: 0.05 | G68: =ROUND(PRODUCT(C68:F68),2) -> 0.04
B69: P8 | C69: 1 | D69: 0.95 | E69: 1.15 | F69: 0.05 | G69: =ROUND(PRODUCT(C69:F69),2) -> 0.05
B70: P10, P17, P19, P22, P24, P26 e P29 | C70: 7 | D70: 0.95 | E70: 0.75 | F70: 0.05 | G70: =ROUND(PRODUCT(C70:F70),2) -> 0.25
B71: P12, P14, P16, P22, P24, P26 e P29 | C71: 7 | D71: 0.75 | E71: 0.95 | F71: 0.05 | G71: =ROUND(PRODUCT(C71:F71),2) -> 0.25
B72: P18, P20, P23 e P25 | C72: 4 | D72: 1.15 | E72: 0.95 | F72: 0.05 | G72: =ROUND(PRODUCT(C72:F72),2) -> 0.22
B73: P13-P40 | C73: 1 | D73: 1.85 | E73: 1 | F73: 0.05 | G73: =ROUND(PRODUCT(C73:F73),2) -> 0.09
B74: P27-P41 | C74: 1 | D74: 1.8 | E74: 1 | F74: 0.05 | G74: =ROUND(PRODUCT(C74:F74),2) -> 0.09
B75: Referente as baldrames
A76: =Orçamento!A42 -> 3.2.5 | B76: =Orçamento!D42 -> FÔRMA E DESFORMA PARA VIGA-CINTA/BLOCO COM TÁBUA E SARRAFO, REAPROVEITAMENTO (3X) (FUNDAÇÃO) | H76: =SUM(G77:G78) -> 246.87 | I76: =Orçamento!E42 -> m2
B77: Referente as baldrames | G77: =167.45+33.82 -> 201.27
B78: Referente as sapatas | G78: 45.6
A79: =Orçamento!A43 -> 3.2.6 | B79: =Orçamento!D43 -> CORTE, DOBRA E MONTAGEM DE AÇO CA-50, DIÂMETRO (6,3MM A 12,5MM), INCLUSIVE ESPAÇADOR - SAPATA E BALDRAME | H79: =SUM(G80:G82) -> 1041.47 | I79: =Orçamento!E43 -> Kg
B80: Referente as sapatas | G80: 571.92
B81: Referente as baldrames | G81: =102.7+39+119.7+74.9+61.4 -> 397.7
B82: Referente ao canteiro | C82: 5 | D82: =D653 -> 23.29 | E82: 0.617 | G82: =ROUND(PRODUCT(C82:F82),2) -> 71.85
A83: =Orçamento!A44 -> 3.2.7 | B83: =Orçamento!D44 -> CORTE, DOBRA E MONTAGEM DE AÇO CA-50, DIÂMETRO (16,0MM A 25,0MM), INCLUSIVE ESPAÇADOR - SAPATA E BALDRAME | H83: =SUM(G84:G84) -> 23.5 | I83: =Orçamento!E44 -> Kg
B84: Referente as baldrames | G84: =4.8+18.7 -> 23.5
A85: =Orçamento!A45 -> 3.2.8 | B85: =Orçamento!D45 -> CORTE, DOBRA E MONTAGEM DE AÇO CA-60, DIÂMETRO (4,2MM A 5,0MM), INCLUSIVE ESPAÇADOR - SAPATA E BALDRAME | H85: =SUM(G86:G87) -> 254.83 | I85: =Orçamento!E45 -> Kg
B86: Referente as baldrames | G86: =62.6+25.4+56.1+47.5+35.6 -> 227.2
B87: Referente a cinta dos canteiros | D87: =ROUNDUP(23.29/0.12,0) -> 195 | E87: =0.154*0.92 -> 0.14168 | G87: =ROUND(PRODUCT(C87:F87),2) -> 27.63
A88: =Orçamento!A46 -> 3.2.9 | B88: =Orçamento!D46 -> CONCRETAGEM DE SAPATA, FCK 30 MPA, COM USO DE BOMBA - LANÇAMENTO, ADENSAMENTO E ACABAMENTO. AF_01/2024 | H88: =13.73+9.06+3.6 -> 26.39 | I88: =Orçamento!E46 -> m3
A89: =Orçamento!A47 -> 3.2.10 | B89: =Orçamento!D47 -> PINTURA COM EMULSÃO ASFÁLTICA, DUAS (2) DEMÃOS | H89: =G90 -> 246.87 | I89: =Orçamento!E47 -> m2
B90: Referente as baldrames | G90: =H76 -> 246.87
A91: =Orçamento!A48 -> 3.2.11 | B91: =Orçamento!D48 -> MANTA GEOTEXTIL - 300 G/M2 - RES.TRACAO >= 16 KN/M | H91: =G92 -> 23.29 | I91: =Orçamento!E49 -> un
B92: Referente ao canteiro | D92: =D82 -> 23.29 | E92: 1 | G92: =ROUND(PRODUCT(C92:F92),2) -> 23.29
B93: Referente ao muro de arrimo | D93: 11.41 | E93: 1.5 | G93: =ROUND(PRODUCT(C93:F93),2) -> 17.12
A94: =Orçamento!A49 -> 3.2.12 | B94: =Orçamento!D49 -> DRENO BARBACÃ, DN 50MM, COM MATERIAL DRENANTE (COMPRIMENTO 50CM) REF 102726 | H94: =SUM(G95:G96) -> 12 | I94: =Orçamento!E49 -> un
B95: Dreno a cada 3 m do canteiro | G95: 8
B96: Referente ao muro de arrimo | G96: =ROUNDUP(11.41/3,0) -> 4
A97: =Orçamento!A50 -> 3.3 | B97: =Orçamento!D50 -> SUPERESTRUTURA - PILARES
A98: =Orçamento!A51 -> 3.3.1 | B98: =Orçamento!D51 -> CORTE, DOBRA E MONTAGEM DE AÇO CA-50, DIÂMETRO (6,3MM A 12,5MM), INCLUSIVE ESPAÇADOR - PILARES | H98: =942.1+507.9+265.1 -> 1715.1 | I98: =Orçamento!E51 -> Kg
A99: =Orçamento!A52 -> 3.3.2 | B99: =Orçamento!D52 -> FÔRMA E DESFORMA DE COMPENSADO PLASTIFICADO, ESP. 12MM, REAPROVEITAMENTO (5X), EXCLUSIVE ESCORAMENTO | H99: =26.03+112.42+5.2+5.2 -> 148.85 | I99: =Orçamento!E52 -> m2
A100: =Orçamento!A53 -> 3.3.3 | B100: =Orçamento!D53 -> CONCRETAGEM DE PILARES, FCK = 25 MPA, COM USO DE BOMBA - LANÇAMENTO, ADENSAMENTO E ACABAMENTO. AF_02/2022_PS | H100: 7.77 | I100: =Orçamento!E53 -> M3
A101: =Orçamento!A54 -> 3.4 | B101: =Orçamento!D54 -> SUPERESTRUTURA - VIGAS
...

Sheet Cronograma
A1: PREFEITURA MUNICIPAL DE SÃO JOSÉ DA VARGINHA
A4: CRONOGRAMA FÍSICO-FINANCEIRO
A7: CONTRATANTE: PREFEITURA MUNICIPAL DE SÃO JOSÉ DA VARGINHA | I7: VALOR DO CONTRATO: | M7: =E46 -> 2211597.5 | O7: DATA: 06/03/2026
A8: OBRA: CONSTRUÇÃO DO CENTRO DE REFERÊNCIA EM ASSISTÊNCIA SOCIAL (CRAS) - SÃO JOSÉ DA VARGINHA - CONFORME FDI OBR21 VALE | I8: LOCAL: RUA JACINTA BRAGA, S/N - CENTRO, SÃO JOSÉ DA VARGINHA-MG | O8: PRAZO DA OBRA: 12 meses
A10: ITEM | B10: CÓDIGO | C10: ETAPAS/DESCRIÇÃO | D10: FÍSICO/ FINANCEIRO | E10: TOTAL ETAPAS | F10: MÊS 1 | G10: MÊS 2 | H10: MÊS 3 | I10: MÊS 4 | J10: MÊS 5 | K10: MÊS 6 | L10: MÊS 7 | M10: MÊS 8 | N10: MÊS 9 | O10: MÊS 10 | P10: MÊS 11 | Q10: MÊS 12
A11: =Orçamento!A12 -> 1. | C11: =VLOOKUP(A11,Orçamento!A:J,4,FALSE) -> ADMINISTRAÇÃO LOCAL | D11: Físico % | E11: =E12/$E$46 -> 0.041528832 | F11: =F12/E12 -> 0.083333333 | G11: =G12/E12 -> 0.083333333 | H11: =H12/E12 -> 0.083333333 | I11: =I12/E12 -> 0.083333333 | J11: =J12/E12 -> 0.083333333 | K11: =K12/E12 -> 0.083333333 | L11: =L12/E12 -> 0.083333333 | M11: =M12/E12 -> 0.083333333 | N11: =N12/E12 -> 0.083333333 | O11: =O12/E12 -> 0.083333333 | P11: =P12/E12 -> 0.083333333 | Q11: =Q12/E12 -> 0.083333333
D12: Financeiro | E12: =VLOOKUP(A11,Orçamento!A:J,9,FALSE) -> 91845.06 | F12: =$E$12/12 -> 7653.755 | G12: =$E$12/12 -> 7653.755 | H12: =$E$12/12 -> 7653.755 | I12: =$E$12/12 -> 7653.755 | J12: =$E$12/12 -> 7653.755 | K12: =$E$12/12 -> 7653.755 | L12: =$E$12/12 -> 7653.755 | M12: =$E$12/12 -> 7653.755 | ... Q12: =$E$12/12 -> 7653.755
A13: =Orçamento!A16 -> 2. | C13: =VLOOKUP(A13,Orçamento!A:J,4,FALSE) -> SERVIÇOS PRELIMINARES | D13: Físico % | E13: =E14/$E$46 -> 0.037629746 | F13: 0.65 | G13: 0.03 | H13: 0.03 | I13: 0.03 | J13: 0.03 | K13: 0.03 | L13: 0.03 | M13: 0.03 | N13: 0.03 | O13: 0.03 | P13: 0.03 | Q13: 0.05
D14: Financeiro | E14: =VLOOKUP(A13,Orçamento!A:J,9,FALSE) -> 83221.85 | F14: =F13*$E$14 -> 54094.202 | G14: =G13*$E$14 -> 2496.6555 | H14: =H13*$E$14 -> 2496.6555 | I14: =I13*$E$14 -> 2496.6555 | J14: =J13*$E$14 -> 2496.6555 | K14: =K13*$E$14 -> 2496.6555 | L14: =L13*$E$14 -> 2496.6555 | M14: =M13*$E$14 -> 2496.6555 | ... Q14: =Q13*$E$14 -> 4161.0925
A15: =Orçamento!A31 -> 3. | C15: =VLOOKUP(A15,Orçamento!A:J,4,FALSE) -> MOVIMENTAÇÃO DE TERRA, FUNDAÇÕES E SUPERESTRUTURA | D15: Físico % | E15: =E16/$E$46 -> 0.10704673 | F15: 0.2 | G15: 0.3 | H15: 0.3 | I15: 0.1 | J15: 0.1
D16: Financeiro | E16: =VLOOKUP(A15,Orçamento!A:J,9,FALSE) -> 236744.28 | F16: =F15*$E$16 -> 47348.856 | G16: =G15*$E$16 -> 71023.284 | H16: =H15*$E$16 -> 71023.284 | I16: =I15*$E$16 -> 23674.428 | J16: =J15*$E$16 -> 23674.428 | K16: =K15*$E$16 -> 0 | L16: =L15*$E$16 -> 0 | M16: =M15*$E$16 -> 0 | ... Q16: =Q15*$E$16 -> 0
A17: =Orçamento!A74 -> 4. | C17: =VLOOKUP(A17,Orçamento!A:J,4,FALSE) -> ALVENARIAS, VERGAS E CONTRAVERGAS | D17: Físico % | E17: =E18/$E$46 -> 0.038594175 | G17: 0.2 | H17: 0.3 | I17: 0.3 | J17: 0.2
D18: Financeiro | E18: =VLOOKUP(A17,Orçamento!A:J,9,FALSE) -> 85354.78 | F18: =F17*$E$18 -> 0 | G18: =G17*$E$18 -> 17070.956 | H18: =H17*$E$18 -> 25606.434 | I18: =I17*$E$18 -> 25606.434 | J18: =J17*$E$18 -> 17070.956 | K18: =K17*$E$18 -> 0 | L18: =L17*$E$18 -> 0 | M18: =M17*$E$18 -> 0 | ... Q18: =Q17*$E$18 -> 0
A19: =Orçamento!A83 -> 5. | C19: =VLOOKUP(A19,Orçamento!A:J,4,FALSE) -> LAJES | D19: Físico % | E19: =E20/$E$46 -> 0.079582358 | G19: 0.3 | H19: 0.3 | I19: 0.4
D20: Financeiro | E20: =VLOOKUP(A19,Orçamento!A:J,9,FALSE) -> 176004.14 | F20: =F19*$E$20 -> 0 | G20: =G19*$E$20 -> 52801.242 | H20: =H19*$E$20 -> 52801.242 | I20: =I19*$E$20 -> 70401.656 | J20: =J19*$E$20 -> 0 | K20: =K19*$E$20 -> 0 | L20: =L19*$E$20 -> 0 | M20: =M19*$E$20 -> 0 | ... Q20: =Q19*$E$20 -> 0
A21: =Orçamento!A92 -> 6. | C21: =VLOOKUP(A21,Orçamento!A:J,4,FALSE) -> REVESTIMENTO ARGAMASSADO | D21: Físico % | E21: =E22/$E$46 -> 0.038960002 | H21: 0.3 | I21: 0.4 | J21: 0.3
D22: Financeiro | E22: =VLOOKUP(A21,Orçamento!A:J,9,FALSE) -> 86163.84 | F22: =F21*$E$20 -> 0 | G22: =G21*$E$20 -> 0 | H22: =H21*E22 -> 25849.152 | I22: =I21*E22 -> 34465.536 | J22: =J21*$E$22 -> 25849.152 | K22: =K21*$E$22 -> 0 | L22: =L21*$E$22 -> 0 | M22: =M21*$E$20 -> 0 | N22: =N21*$E$20 -> 0 | O22: =O21*$E$20 -> 0 | P22: =P21*$E$20 -> 0 | Q22: =Q21*$E$20 -> 0
A23: =Orçamento!A96 -> 7. | C23: =VLOOKUP(A23,Orçamento!A:J,4,FALSE) -> INSTALAÇÕS HIDROSSANITÁRIAS | D23: Físico % | E23: =E24/$E$46 -> 0.054419782 | H23: 0.1 | I23: 0.1 | J23: 0.1 | K23: 0.1 | L23: 0.1 | M23: 0.1 | P23: 0.1 | Q23: 0.3
D24: Financeiro | E24: =VLOOKUP(A23,Orçamento!A:J,9,FALSE) -> 120354.65 | F24: =F23*$E$20 -> 0 | G24: =G23*$E$20 -> 0 | H24: =H23*$E$24 -> 12035.465 | I24: =I23*$E$24 -> 12035.465 | J24: =J23*$E$24 -> 12035.465 | K24: =K23*$E$24 -> 12035.465 | L24: =L23*$E$24 -> 12035.465 | M24: =M23*$E$24 -> 12035.465 | N24: =N23*$E$24 -> 0 | O24: =O23*$E$24 -> 0 | ... Q24: =Q23*$E$24 -> 36106.395
A25: =Orçamento!A164 -> 8. | C25: =VLOOKUP(A25,Orçamento!A:J,4,FALSE) -> INSTALAÇÕES ELÉTRICAS | D25: Físico % | E25: =E26/$E$46 -> 0.052112838 | H25: 0.1 | I25: 0.1 | J25: 0.1 | K25: 0.1 | L25: 0.1 | M25: 0.1 | N25: 0.1 | P25: 0.1 | Q25: 0.2
D26: Financeiro | E26: =VLOOKUP(A25,Orçamento!A:J,9,FALSE) -> 115252.62 | F26: =F25*$E$20 -> 0 | G26: =G25*$E$20 -> 0 | H26: =H25*$E$26 -> 11525.262 | I26: =I25*$E$26 -> 11525.262 | J26: =J25*$E$26 -> 11525.262 | K26: =K25*$E$26 -> 11525.262 | L26: =L25*$E$26 -> 11525.262 | M26: =M25*$E$26 -> 11525.262 | N26: =N25*$E$26 -> 11525.262 | O26: =O25*$E$26 -> 0 | ... Q26: =Q25*$E$26 -> 23050.524
A27: =Orçamento!A200 -> 9. | C27: =VLOOKUP(A27,Orçamento!A:J,4,FALSE) -> INSTALAÇÕES ESPECIAIS | D27: Físico % | E27: =E28/$E$46 -> 0.0068229777 | M27: 0.3 | O27: 0.7
D28: Financeiro | E28: =VLOOKUP(A27,Orçamento!A:J,9,FALSE) -> 15089.68 | F28: =F27*$E$20 -> 0 | G28: =G27*$E$20 -> 0 | H28: =H27*$E$20 -> 0 | I28: =I27*$E$20 -> 0 | J28: =J27*$E$28 -> 0 | K28: =K27*$E$28 -> 0 | L28: =L27*$E$28 -> 0 | M28: =M27*$E$28 -> 4526.904 | N28: =N27*$E$28 -> 0 | O28: =O27*$E$28 -> 10562.776 | P28: =P27*$E$28 -> 0 | Q28: =Q27*I28 -> 0
A29: =Orçamento!A215 -> 10. | C29: =VLOOKUP(A29,Orçamento!A:J,4,FALSE) -> CABEAMENTO ESTRUTURADO / DADOS | D29: Físico % | E29: =E30/$E$46 -> 0.0094284066 | P29: 1
D30: Financeiro | E30: =VLOOKUP(A29,Orçamento!A:J,9,FALSE) -> 20851.84 | F30: =F29*$E$20 -> 0 | G30: =G29*$E$20 -> 0 | H30: =H29*$E$20 -> 0 | I30: =I29*$E$20 -> 0 | J30: =J29*$E$20 -> 0 | K30: =K29*$E$20 -> 0 | L30: =L29*$E$20 -> 0 | M30: =M29*$E$30 -> 0 | N30: =N29*$E$30 -> 0 | O30: =O29*$E$30 -> 0 | P30: =P29*$E$30 -> 20851.84 | Q30: =Q29*$E$30 -> 0
A31: =Orçamento!A225 -> 11. | C31: =VLOOKUP(A31,Orçamento!A:J,4,FALSE) -> COBERTURA | D31: Físico % | E31: =E32/$E$46 -> 0.10153082 | J31: 0.4 | K31: 0.3 | L31: 0.3
D32: Financeiro | E32: =VLOOKUP(A31,Orçamento!A:J,9,FALSE) -> 224545.31 | F32: =F31*$E$20 -> 0 | G32: =G31*$E$20 -> 0 | H32: =H31*$E$20 -> 0 | J32: =J31*$E$32 -> 89818.124 | K32: =K31*$E$32 -> 67363.593 | L32: =L31*$E$32 -> 67363.593 | M32: =M31*$E$32 -> 0 | N32: =N31*$E$32 -> 0 | O32: =O31*$E$32 -> 0 | P32: =P31*$E$32 -> 0 | Q32: =Q31*$E$32 -> 0
A33: =Orçamento!A235 -> 12. | C33: =VLOOKUP(A33,Orçamento!A:J,4,FALSE) -> ACABAMENTOS PREDIAIS | D33: Físico % | E33: =E34/$E$46 -> 0.09392174 | G33: 0.3 | I33: 0.1 | J33: 0.1 | K33: 0.15 | L33: 0.15 | M33: 0.2
D34: Financeiro | E34: =VLOOKUP(A33,Orçamento!A:J,9,FALSE) -> 207717.08 | F34: =F33*$E$20 -> 0 | G34: =G33*$E$34 -> 62315.124 | H34: =H33*$E$34 -> 0 | I34: =I33*$E$34 -> 20771.708 | J34: =J33*$E$34 -> 20771.708 | K34: =K33*$E$34 -> 31157.562 | L34: =L33*$E$34 -> 31157.562 | M34: =M33*$E$34 -> 41543.416 | N34: =N33*$E$20 -> 0 | O34: =O33*$E$20 -> 0 | P34: =P33*$E$20 -> 0 | Q34: =Q33*$E$20 -> 0
A35: =Orçamento!A258 -> 13. | C35: =VLOOKUP(A35,Orçamento!A:J,4,FALSE) -> ESQUADRIAS | D35: Físico % | E35: =E36/$E$46 -> 0.049779733 | K35: 0.6 | L35: 0.4
D36: Financeiro | E36: =VLOOKUP(A35,Orçamento!A:J,9,FALSE) -> 110092.73 | F36: =F35*$E$20 -> 0 | G36: =G35*$E$20 -> 0 | H36: =H35*$E$20 -> 0 | I36: =I35*$E$20 -> 0 | J36: =J35*$E$20 -> 0 | K36: =K35*E36 -> 66055.638 | L36: =L35*E36 -> 44037.092 | M36: =M35*$E$20 -> 0 | N36: =N35*$E$20 -> 0 | O36: =O35*$E$20 -> 0 | P36: =P35*$E$20 -> 0 | Q36: =Q35*$E$20 -> 0
A37: =Orçamento!A275 -> 14. | C37: =VLOOKUP(A37,Orçamento!A:J,4,FALSE) -> URBANISMO, PAISAGISMO E OBRAS COMPLEMENTARES | D37: Físico % | E37: =E38/$E$46 -> 0.25478476 | F37: 0.2 | M37: 0.2 | N37: 0.3 | O37: 0.2 | P37: 0.1
D38: Financeiro | E38: =VLOOKUP(A37,Orçamento!A:J,9,FALSE) -> 563481.33 | F38: =F37*$E$38 -> 112696.27 | G38: =G37*$E$38 -> 0 | H38: =H37*$E$38 -> 0 | I38: =I37*$E$38 -> 0 | J38: =J37*$E$38 -> 0 | K38: =K37*$E$38 -> 0 | L38: =L37*$E$38 -> 0 | M38: =M37*$E$38 -> 112696.27 | ... O38: =O37*$E$38 -> 112696.27 | P38: =P37*E38 -> 56348.133 | Q38: =Q37*$E$20 -> 0
A39: =Orçamento!A334 -> 15. | C39: =VLOOKUP(A39,Orçamento!A:J,4,FALSE) -> PINTURAS | D39: Físico % | E39: =E40/$E$46 -> 0.030529005 | O39: 0.3 | P39: 0.3 | Q39: 0.4
D40: Financeiro | E40: =VLOOKUP(A39,Orçamento!A:J,9,FALSE) -> 67517.87 | F40: =F39*$E$20 -> 0 | G40: =G39*$E$20 -> 0 | H40: =H39*$E$20 -> 0 | I40: =I39*$E$20 -> 0 | J40: =J39*$E$20 -> 0 | K40: =K39*$E$20 -> 0 | O40: =O39*$E$40 -> 20255.361 | P40: =P39*$E$40 -> 20255.361 | Q40: =Q39*$E$40 -> 27007.148
A41: =Orçamento!A343 -> 16. | C41: =VLOOKUP(A41,Orçamento!A:J,4,FALSE) -> PREVENÇÃO E COMBATE AO INCÊNDIO | D41: Físico % | E41: =E42/$E$46 -> 0.0015038135 | Q41: 1
D42: Financeiro | E42: =VLOOKUP(A41,Orçamento!A:J,9,FALSE) -> 3325.83 | F42: =F41*$E$20 -> 0 | G42: =G41*$E$20 -> 0 | H42: =H41*$E$20 -> 0 | I42: =I41*$E$20 -> 0 | J42: =J41*$E$20 -> 0 | K42: =K41*$E$20 -> 0 | L42: =L41*E42 -> 0 | M42: =M41*E42 -> 0 | N42: =N41*F42 -> 0 | O42: =O41*G42 -> 0 | P42: =P41*H42 -> 0 | Q42: =Q41*E42 -> 3325.83
A43: =Orçamento!352:352 -> 17. | C43: =VLOOKUP(A43,Orçamento!A:J,4,FALSE) -> SERVIÇOS FINAIS | D43: Físico % | E43: =E44/$E$46 -> 0.0018242741 | Q43: 1
D44: Financeiro | E44: =VLOOKUP(A43,Orçamento!A:J,9,FALSE) -> 4034.56 | F44: =F43*$E$20 -> 0 | G44: =G43*$E$20 -> 0 | H44: =H43*$E$20 -> 0 | I44: =I43*$E$20 -> 0 | J44: =J43*$E$20 -> 0 | K44: =K43*$E$20 -> 0 | L44: =L43*$E$20 -> 0 | M44: =M43*E44 -> 0 | N44: =N43*F44 -> 0 | O44: =O43*G44 -> 0 | P44: =P43*H44 -> 0 | Q44: =E44 -> 4034.56
A45: TOTAL | D45: Físico % | E45: =E11+E13+E15+E17+E19+E21+E23+E25+E27+E29+E31+E33+E35+E37+E39+E41+E43 -> 1 | F45: =F46/$E$46 -> 0.10028637 | G45: =G46/$E$46 -> 0.096473712 | H45: =H46/$E$46 -> 0.094497871 | I45: =I46/$E$46 -> 0.094334934 | J45: =J46/$E$46 -> 0.095358902 | K45: =K46/$E$46 -> 0.089658238 | L45: =L46/$E$46 -> 0.079702291 | M45: =M46/$E$46 -> 0.087031084 | ... Q45: =Q46/$E$46 -> 0.047630415
D46: Financeiro | E46: =SUM(E12+E14+E16+E18+E20+E22+E24+E26+E28+E30+E32+E34+E36+E38+E40+E42+E44) -> 2211597.5 | F46: =F12+F14+F16+F18+F20+F22+F24+F26+F28+F30+F32+F34+F36+F38+F40+F42+F44 -> 221793.08 | G46: =G12+G14+G16+G18+G20+G22+G24+G26+G28+G30+G32+G34+G36+G38+G40+G42+G44 -> 213361.02 | H46: =H12+H14+H16+H18+H20+H22+H24+H26+H28+H30+H32+H34+H36+H38+H40+H42+H44 -> 208991.25 | I46: =I12+I14+I16+I18+I20+I22+I24+I26+I28+I30+I32+I34+I36+I38+I40+I42+I44 -> 208630.9 | J46: =J12+J14+J16+J18+J20+J22+J24+J26+J28+J30+J32+J34+J36+J38+J40+J42+J44 -> 210895.51 | K46: =K12+K14+K16+K18+K20+K22+K24+K26+K28+K30+K32+K34+K36+K38+K40+K42+K44 -> 198287.93 | L46: =L12+L14+L16+L18+L20+L22+L24+L26+L28+L30+L32+L34+L36+L38+L40+L42+L44 -> 176269.38 | M46: =M12+M14+M16+M18+M20+M22+M24+M26+M28+M30+M32+M34+M36+M38+M40+M42+M44 -> 192477.72 | ... Q46: =Q12+Q14+Q16+Q18+Q20+Q22+Q24+Q26+Q28+Q30+Q32+Q34+Q36+Q38+Q40+Q42+Q44 -> 105339.3
H48: Observações:

Sheet Relatório
A22: TABELA REFERENCIAL DE PREÇOS UNITÁRIOS PARA OBRAS DE EDIFICAÇÃO
A24: TABELA REFERENCIAL DE PREÇOS UNITÁRIOS PARA OBRAS DE EDIFICAÇÃO
A25: Região Central - C/ Desoneração
A26: JANEIRO/2024
A29: CÓDIGO | B29: DESCRIÇÃO DO SERVIÇO | C29: UNIDADE | D29: CUSTO UNITÁRIO
A30: 8662 | B30: MOBILIZAÇÃO E DESMOBILIZAÇÃO DE OBRA
A31: 8700 | B31: OBRAS EM CENTRO URBANO OU REGIÃO LIMÍTROFE
A32: ED-50394 | B32: MOBILIZAÇÃO E DESMOBILIZAÇÃO DE OBRA EM CENTRO URBANO OU REGIÃO LIMÍTROFE COM VALOR ACIMA DE 3.000.000,01 | C32: % | D32: 0.2
A33: ED-50392 | B33: MOBILIZAÇÃO E DESMOBILIZAÇÃO DE OBRA EM CENTRO URBANO OU REGIÃO LIMÍTROFE COM VALOR ATÉ O VALOR DE 1.000.000,00 | C33: % | D33: 0.5
A34: ED-50393 | B34: MOBILIZAÇÃO E DESMOBILIZAÇÃO DE OBRA EM CENTRO URBANO OU REGIÃO LIMÍTROFE COM VALOR ENTRE 1.000.000,01 E 3.000.000,00 | C34: % | D34: 0.3
A35: 8701 | B35: OBRA DISTANTE DE CENTRO URBANO
A36: ED-50391 | B36: MOBILIZAÇÃO E DESMOBILIZAÇÃO OBRA DISTANTE DE CENTRO URBANO COM ACIMA DE 3.000.000,01 | C36: % | D36: 1
A37: ED-50390 | B37: MOBILIZAÇÃO E DESMOBILIZAÇÃO OBRA DISTANTE DE CENTRO URBANO COM ENTRE 1.000.000,01 E 3.000.000,00 | C37: % | D37: 1.5
A38: ED-50389 | B38: MOBILIZAÇÃO E DESMOBILIZAÇÃO OBRA DISTANTE DE CENTRO URBANO COM VALOR ATÉ O VALOR DE 1.000.000,00 | C38: % | D38: 2
A39: 8663 | B39: SERVIÇOS PRELIMINARES
A40: 8702 | B40: LIMPEZA DO TERRENO
A41: ED-50701 | B41: CAPINA MANUAL DO TERRENO, EXCLUSIVE RASTELAMENTO E QUEIMA | C41: m2 | D41: 1.21
A42: ED-28163 | B42: DESTOCAMENTO E AFASTAMENTO DE REMANESCENTE ARBÓREO, INCLUSIVE TRANSPORTE E RETIRADA DO MATERIAL ESCAVADO (EM CAÇAMBA) | C42: un | D42: 427.31
A43: ED-50703 | B43: LIMPEZA DE TERRENO, INCLUSIVE CAPINA, RASTELAMENTO COM AFASTAMENTO ATÉ VINTE (20) METROS E QUEIMA CONTROLADA | C43: m2 | D43: 2.15
A44: ED-8143 | B44: RASTELAMENTO DE ÁREA COM AFASTAMENTO DE ATÉ VINTE (20) METROS, EXCLUSIVE CAPINA OU ROÇADA MANUAL | C44: m2 | D44: 0.81
A45: ED-28162 | B45: ROÇADA MANUAL DE TERRENO COM ROÇADEIRA COSTAL, EXCLUSIVE RASTELAMENTO E QUEIMA | C45: m2 | D45: 0.25
A46: 8703 | B46: DESMATAMENTO E DESTOCAMENTO
A47: ED-50702 | B47: DESMATAMENTO, DESTOCAMENTO E LIMPEZA, INCLUSIVE TRANSPORTE ATÉ CINQUENTA (50) METROS | C47: m2 | D47: 0.49
A48: 8704 | B48: SUPRESSÃO DE ÁRVORE
A49: ED-50699 | B49: CORTE DE ÁRVORE COM MOTOSSERRA, DIÂMETRO DO TRONCO ACIMA DE TRINTA (30) CENTÍMETROS ATÉ CINQUENTA (50) CENTÍMETROS, EXCLUSIVE DESTOCAMENTO E AFASTAMENTO | C49: un | D49: 85.19
A50: ED-50697 | B50: CORTE DE ÁRVORE COM MOTOSSERRA, DIÂMETRO DO TRONCO DE QUINZE (15) CENTÍMETROS ATÉ TRINTA (30) CENTÍMETROS, EXCLUSIVE DESTOCAMENTO E AFASTAMENTO | C50: un | D50: 51.12
A51: 8706 | B51: REMOÇÃO DE TELHADO
A52: ED-48438 | B52: REMOÇÃO DE CALHA EM CHAPA GALVANIZADA OU EM PVC, COM REAPROVEITAMENTO, INCLUSIVE AFASTAMENTO E EMPILHAMENTO, EXCLUSIVE TRANSPORTE E RETIRADA DO MATERIAL REMOVIDO NÃO REAPROVEITÁVEL | C52: m | D52: 4.19
A53: ED-48446 | B53: REMOÇÃO MANUAL DE CONDUTOR EM PVC OU METÁLICO, COM REAPROVEITAMENTO, INCLUSIVE AFASTAMENTO E EMPILHAMENTO, EXCLUSIVE TRANSPORTE E RETIRADA DO MATERIAL REMOVIDO NÃO REAPROVEITÁVEL | C53: m | D53: 5.03
A54: ED-48455 | B54: REMOÇÃO MANUAL DE ENGRADAMENTO PARA TELHA TIPO CALHA ESTRUTURAL EM FIBROCIMENTO, COM REAPROVEITAMENTO, INCLUSIVE AFASTAMENTO E EMPILHAMENTO, EXCLUSIVE TRANSPORTE E RETIRADA DO MATERIAL REMOVIDO NÃO REAPROVEITÁVEL | C54: m2 | D54: 10.01
A55: ED-48457 | B55: REMOÇÃO MANUAL DE ENGRADAMENTO PARA TELHA TIPO CERÂMICA OU CONCRETO, INCLUSIVE AFASTAMENTO E EMPILHAMENTO, EXCLUSIVE TRANSPORTE E RETIRADA DO MATERIAL REMOVIDO NÃO REAPROVEITÁVEL | C55: m2 | D55: 20.02
A56: ED-48454 | B56: REMOÇÃO MANUAL DE ENGRADAMENTO PARA TELHA TIPO METÁLICA, PVC OU FIBROCIMENTO, COM REAPROVEITAMENTO, INCLUSIVE AFASTAMENTO E EMPILHAMENTO, EXCLUSIVE TRANSPORTE E RETIRADA DO MATERIAL REMOVIDO NÃO REAPROVEITÁVEL | C56: m2 | D56: 13.35
A57: ED-48506 | B57: REMOÇÃO MANUAL DE RUFO METÁLICO, COM REAPROVEITAMENTO, INCLUSIVE AFASTAMENTO E EMPILHAMENTO, EXCLUSIVE TRANSPORTE E RETIRADA DO MATERIAL REMOVIDO NÃO REAPROVEITÁVEL | C57: m | D57: 6.16
A58: ED-48512 | B58: REMOÇÃO MANUAL DE TELHA EM FIBROCIMENTO, TIPO ONDULADA, COM REAPROVEITAMENTO, INCLUSIVE AFASTAMENTO E EMPILHAMENTO, EXCLUSIVE TRANSPORTE E RETIRADA DO MATERIAL REMOVIDO NÃO REAPROVEITÁVEL | C58: m2 | D58: 11.44
A59: ED-48514 | B59: REMOÇÃO MANUAL DE TELHA CERÂMICA, COM REAPROVEITAMENTO, INCLUSIVE AFASTAMENTO E EMPILHAMENTO, EXCLUSIVE TRANSPORTE E RETIRADA DO MATERIAL REMOVIDO NÃO REAPROVEITÁVEL | C59: m2 | D59: 21.75
A60: ED-48510 | B60: REMOÇÃO MANUAL DE TELHA EM FIBROCIMENTO, TIPO CALHA ESTRUTURAL, COM REAPROVEITAMENTO, INCLUSIVE IÇAMENTO, AFASTAMENTO E EMPILHAMENTO, EXCLUSIVE TRANSPORTE E RETIRADA DO MATERIAL REMOVIDO NÃO REAPROVEITÁVEL | C60: m2 | D60: 22.75
A61: ED-48509 | B61: REMOÇÃO MANUAL DE TELHA METÁLICA OU PVC, COM REAPROVEITAMENTO, INCLUSIVE AFASTAMENTO E EMPILHAMENTO, EXCLUSIVE TRANSPORTE E RETIRADA DO MATERIAL REMOVIDO NÃO REAPROVEITÁVEL | C61: m2 | D61: 8.01
A62: 8707 | B62: DEMOLIÇÃO E REMOÇÃO DE INSTALAÇÃO
A63: ED-48500 | B63: DEMOLIÇÃO MANUAL DE TUBULAÇÕES EMBUTIDAS DE REDE (ÁGUA, ELÉTRICA, GASES, ETC.), INCLUSIVE RASGO EM ALVENARIA, REMOÇÃO DE ACESSÓRIOS DE FIXAÇÃO, AFASTAMENTO E EMPILHAMENTO, EXCLUSIVE TRANSPORTE E RETIRADA DO MATERIAL DEMOLIDO | C63: m | D63: 7.54
A64: ED-48466 | B64: REMOÇÃO MANUAL DE INTERFONE, COM REAPROVEITAMENTO, INCLUSIVE AFASTAMENTO E EMPILHAMENTO, EXCLUSIVE TRANSPORTE E RETIRADA DO MATERIAL REMOVIDO NÃO REAPROVEITÁVEL | C64: un | D64: 39.24
A65: ED-48468 | B65: REMOÇÃO MANUAL DE LUMINÁRIA COMERCIAL, EMBUTIDA OU SOBREPOR, COM REAPROVEITAMENTO, INCLUSIVE AFASTAMENTO E EMPILHAMENTO, EXCLUSIVE TRANSPORTE E RETIRADA DO MATERIAL REMOVIDO NÃO REAPROVEITÁVEL | C65: un | D65: 9.44
A66: ED-48469 | B66: REMOÇÃO MANUAL DE LUMINÁRIA COMPACTA (PLAFON, PAINEL LED, ETC.) EMBUTIDA OU SOBREPOR, COM REAPROVEITAMENTO, INCLUSIVE AFASTAMENTO E EMPILHAMENTO, EXCLUSIVE TRANSPORTE E RETIRADA DO MATERIAL REMOVIDO NÃO REAPROVEITÁVEL | C66: un | D66: 5.5
A67: ED-48499 | B67: REMOÇÃO MANUAL DE REDES DE DUTOS PARA CLIMATIZAÇÃO, INCLUSIVE AFASTAMENTO E EMPILHAMENTO, EXCLUSIVE TRANSPORTE E RETIRADA DO MATERIAL REMOVIDO NÃO REAPROVEITÁVEL | C67: m | D67: 8.38
A68: ED-48515 | B68: REMOÇÃO MANUAL DE TUBULAÇÕES EMBUTIDAS DE REDE (ÁGUA, ELÉTRICA, GASES, ETC.), COM REAPROVEITAMENTO, INCLUSIVE RASGO EM ALVENARIA, REMOÇÃO DE ACESSÓRIOS DE FIXAÇÃO, AFASTAMENTO E EMPILHAMENTO, EXCLUSIVE TRANSPORTE E RETIRADA DO MATERIAL REMOVIDO NÃO REAPROVEITÁVEL | C68: m | D68: 10.85
A69: 8708 | B69: DEMOLIÇÃO DE FORRO
A70: ED-48463 | B70: DEMOLIÇÃO MANUAL DE FORRO DE CHAPA OU PLACA DE GESSO, INCLUSIVE DEMOLIÇÃO DA ESTRUTURA DE SUSTENTAÇÃO, AFASTAMENTO E EMPILHAMENTO, EXCLUSIVE TRANSPORTE E RETIRADA DO MATERIAL DEMOLIDO | C70: m2 | D70: 4.9
A71: 8709 | B71: REMOÇÃO DE FORRO
A72: ED-48460 | B72: REMOÇÃO MANUAL DE FORRO DE PLACAS (GESSO, MINERAL, FIBRA, ISOPOR, COLMEIA, PVC, ETC.), COM REAPROVEITAMENTO, INCLUSIVE AFASTAMENTO E EMPILHAMENTO, EXCLUSIVE DEMOLIÇÃO DA ESTRUTURA DE SUSTENTAÇÃO, TRANSPORTE E RETIRADA DO MATERIAL REMOVIDO NÃO REAPROVEITÁVEL | C72: m2 | D72: 1.88
A73: ED-48459 | B73: REMOÇÃO MANUAL DE FORRO DE PLACAS (GESSO, MINERAL, FIBRA, ISOPOR, COLMEIA, PVC, ETC.), COM REAPROVEITAMENTO, INCLUSIVE DEMOLIÇÃO ESTRUTURA DE SUSTENTAÇÃO, AFASTAMENTO E EMPILHAMENTO, EXCLUSIVE TRANSPORTE E RETIRADA DO MATERIAL REMOVIDO NÃO REAPROVEITÁVEL | C73: m2 | D73: 5.65
A74: ED-48464 | B74: REMOÇÃO MANUAL DE FORRO DE TÁBUAS DE PINHO, COM REAPROVEITAMENTO, INCLUSIVE AFASTAMENTO E EMPILHAMENTO, EXCLUSIVE REMOÇÃO DA ESTRUTURA DE SUSTENTAÇÃO, TRANSPORTE E RETIRADA DO MATERIAL REMOVIDO NÃO REAPROVEITÁVEL | C74: m2 | D74: 8.78
A75: ED-28355 | B75: REMOÇÃO MANUAL ESTRUTURA OU TRAMA DE SUSTENTAÇÃO DE MADEIRA OU METÁLICA PARA FORRO, COM REAPROVEITAMENTO, INCLUSIVE AFASTAMENTO E EMPILHAMENTO, EXCLUSIVE TRANSPORTE E RETIRADA DO MATERIAL REMOVIDO NÃO REAPROVEITÁVEL | C75: m2 | D75: 3.77
A76: 8710 | B76: REMOÇÃO DE ESQUADRIA
A77: ED-48496 | B77: REMOÇÃO MANUAL DE CONJUNTO DE ALIZARES, COM REAPROVEITAMENTO, INCLUSIVE AFASTAMENTO E EMPILHAMENTO, EXCLUSIVE TRANSPORTE E RETIRADA DO MATERIAL REMOVIDO NÃO REAPROVEITÁVEL | C77: cj | D77: 3.12
A78: ED-48458 | B78: REMOÇÃO MANUAL DE CONJUNTO DE FERRAGENS (DOBRADIÇAS, FECHADURA E MAÇANETAS), COM REAPROVEITAMENTO, INCLUSIVE AFASTAMENTO E EMPILHAMENTO, EXCLUSIVE TRANSPORTE E RETIRADA DO MATERIAL REMOVIDO NÃO REAPROVEITÁVEL | C78: un | D78: 18.89
A79: ED-48493 | B79: REMOÇÃO MANUAL DE ESQUADRIA EM MADEIRA, COM REAPROVEITAMENTO, INCLUSIVE REMOÇÃO DE MARCO/ALIZAR/GUARNIÇÕES, AFASTAMENTO E EMPILHAMENTO, EXCLUSIVE TRANSPORTE E RETIRADA DO MATERIAL REMOVIDO NÃO REAPROVEITÁVEL | C79: m2 | D79: 12.06
A80: ED-48497 | B80: REMOÇÃO MANUAL DE ESQUADRIA METÁLICA, COM REAPROVEITAMENTO, INCLUSIVE MARCO/ALIZAR/GUARNIÇÕES, AFASTAMENTO E EMPILHAMENTO, EXCLUSIVE TRANSPORTE E RETIRADA DO MATERIAL REMOVIDO NÃO REAPROVEITÁVEL | C80: m2 | D80: 16.75
A81: ED-48494 | B81: REMOÇÃO MANUAL DE FOLHA DE PORTA OU JANELA DE MADEIRA OU METÁLICA, COM REAPROVEITAMENTO, INCLUSIVE AFASTAMENTO E EMPILHAMENTO, EXCLUSIVE TRANSPORTE E RETIRADA DO MATERIAL REMOVIDO NÃO REAPROVEITÁVEL | C81: m2 | D81: 8.15
A82: ED-48495 | B82: REMOÇÃO MANUAL DE MARCO EM MADEIRA OU METÁLICO, COM REAPROVEITAMENTO, INCLUSIVE AFASTAMENTO E EMPILHAMENTO, EXCLUSIVE TRANSPORTE E RETIRADA DO MATERIAL REMOVIDO NÃO REAPROVEITÁVEL | C82: un | D82: 16
A83: 8711 | B83: DEMOLIÇÃO DE IMPERMEABILIZAÇÃO
A84: ED-48465 | B84: DEMOLIÇÃO MANUAL DE IMPERMEABILIZAÇÃO E PROTEÇÃO MECÂNICA, INCLUSIVE AFASTAMENTO E EMPILHAMENTO, EXCLUSIVE TRANSPORTE E RETIRADA DO MATERIAL DEMOLIDO | C84: m2 | D84: 24.69
A85: 8712 | B85: REMOÇÃO DE LOUÇA E ACESSÓRIOS
A86: ED-48467 | B86: REMOÇÃO DE LOUÇAS (LAVATÓRIO, BANHEIRA, PIA, VASO SANITÁRIO, TANQUE), COM REAPROVEITAMENTO, INCLUSIVE AFASTAMENTO E EMPILHAMENTO, EXCLUSIVE TRANSPORTE E RETIRADA DO MATERIAL REMOVIDO NÃO REAPROVEITÁVEL | C86: un | D86: 38.25
A87: ED-48470 | B87: REMOÇÃO MANUAL DE METAIS COMUNS E ACABAMENTOS (TORNEIRA, ACABAMENTO PARA REGISTRO, SIFÃO, ENGATE FLEXÍVEL, ETC.), COM REAPROVEITAMENTO, INCLUSIVE AFASTAMENTO E EMPILHAMENTO, EXCLUSIVE TRANSPORTE E RETIRADA DO MATERIAL REMOVIDO NÃO REAPROVEITÁVEL | C87: un | D87: 5.71
A88: ED-48471 | B88: REMOÇÃO MANUAL DE METAIS EMBUTIDOS (BASE DE REGISTRO, VÁLVULA DE DESCARGA, TORNEIRA ANTIVANDALISMO, ETC.), COM REAPROVEITAMENTO, INCLUSIVE AFASTAMENTO E EMPILHAMENTO, EXCLUSIVE TRANSPORTE E RETIRADA DO MATERIAL REMOVIDO NÃO REAPROVEITÁVEL | C88: un | D88: 18.29
A89: 8713 | B89: DEMOLIÇÃO E REMOÇÃO DE DIVISÓRIA E BANCADA
A90: ED-48452 | B90: DEMOLIÇÃO MANUAL DE ALVENARIA/DIVISÓRIA DE ELEMENTOS VAZADOS (COBOGÓ, ETC. ), INCLUSIVE AFASTAMENTO E EMPILHAMENTO, EXCLUSIVE TRANSPORTE E RETIRADA DO MATERIAL DEMOLIDO | C90: m2 | D90: 15.87
A91: ED-48453 | B91: DEMOLIÇÃO MANUAL DE DIVISÓRIA COMERCIAL EM LAMINADO, INCLUSIVE AFASTAMENTO E EMPILHAMENTO, EXCLUSIVE TRANSPORTE E RETIRADA DO MATERIAL DEMOLIDO | C91: m2 | D91: 6.35
A92: ED-8024 | B92: DEMOLIÇÃO MANUAL DE DIVISÓRIA DE MADEIRA, INCLUSIVE AFASTAMENTO E EMPILHAMENTO, EXCLUSIVE TRANSPORTE E RETIRADA DO MATERIAL DEMOLIDO | C92: m2 | D92: 9.66
A93: ED-48437 | B93: REMOÇÃO MANUAL DE BANCADA DE PEDRA (MÁRMORE, GRANITO, ARDÓSIA, MARMORITE, ETC.), COM REAPROVEITAMENTO, INCLUSIVE RASGO EM ALVENARIA, REMOÇÃO DE ACESSÓRIOS DE FIXAÇÃO, AFASTAMENTO E EMPILHAMENTO, EXCLUSIVE TRANSPORTE E RETIRADA DO MATERIAL REMOVIDO NÃO REAPROVEITÁVEL | C93: m2 | D93: 47.73
A94: ED-28348 | B94: REMOÇÃO MANUAL DE DIVISÓRIA EM PEDRA (MÁRMORE, GRANITO, ARDÓSIA, MARMORITE, ETC.), COM REAPROVEITAMENTO, INCLUSIVE RASGO EM ALVENARIA, REMOÇÃO DE ACESSÓRIOS DE FIXAÇÃO, AFASTAMENTO E EMPILHAMENTO, EXCLUSIVE TRANSPORTE E RETIRADA DO MATERIAL REMOVIDO NÃO REAPROVEITÁVEL | C94: m2 | D94: 39.81
A95: 8714 | B95: DEMOLIÇÃO DE ALVENARIA
A96: ED-48436 | B96: DEMOLIÇÃO MANUAL DE ALVENARIA DE TIJOLO CERÂMICO MACIÇO, INCLUSIVE AFASTAMENTO E EMPILHAMENTO, EXCLUSIVE TRANSPORTE E RETIRADA DO MATERIAL DEMOLIDO | C96: m3 | D96: 137.05
A97: ED-48435 | B97: DEMOLIÇÃO MANUAL DE ALVENARIA DE TIJOLO CERÂMICO OU BLOCO DE CONCRETO, INCLUSIVE AFASTAMENTO E EMPILHAMENTO, EXCLUSIVE TRANSPORTE E RETIRADA DO MATERIAL DEMOLIDO | C97: m3 | D97: 94.22
A98: ED-28338 | B98: DEMOLIÇÃO MANUAL DE CONSTRUÇÃO EM ALVENARIAS DE VEDAÇÃO, COM ESPESSURA MÁXIMA DE 15CM, INCLUSIVE REMOÇÃO COM REAPROVEITAMENTO DE ESQUADRIAS, AFASTAMENTO E EMPILHAMENTO, EXCLUSIVE TRANSPORTE E RETIRADA DO MATERIAL DEMOLIDO/REMOVIDO NÃO REAPROVEITÁVEL | C98: m2 | D98: 14.94
A99: 8715 | B99: DEMOLIÇÃO DE CONCRETO
A100: ED-48441 | B100: DEMOLIÇÃO MANUAL DE CONCRETO ARMADO, INCLUSIVE AFASTAMENTO E EMPILHAMENTO, EXCLUSIVE TRANSPORTE E RETIRADA DO MATERIAL DEMOLIDO | C100: m3 | D100: 430.72
A101: ED-48440 | B101: DEMOLIÇÃO MANUAL DE CONCRETO, SEM ARMAÇÃO, INCLUSIVE AFASTAMENTO E EMPILHAMENTO, EXCLUSIVE TRANSPORTE E RETIRADA DO MATERIAL DEMOLIDO | C101: m3 | D101: 261.04
A102: ED-48443 | B102: DEMOLIÇÃO MECANIZADA DE CONCRETO ARMADO, COM EQUIPAMENTO ELÉTRICO, INCLUSIVE AFASTAMENTO E EMPILHAMENTO, EXCLUSIVE TRANSPORTE E RETIRADA DO MATERIAL DEMOLIDO | C102: m3 | D102: 226.76
A103: ED-48445 | B103: DEMOLIÇÃO MECANIZADA DE CONCRETO ARMADO, COM EQUIPAMENTO PNEUMÁTICO, INCLUSIVE AFASTAMENTO E EMPILHAMENTO, EXCLUSIVE TRANSPORTE E RETIRADA DO MATERIAL DEMOLIDO | C103: m3 | D103: 337.02
A104: ED-48442 | B104: DEMOLIÇÃO MECANIZADA DE CONCRETO, SEM ARMAÇÃO, COM EQUIPAMENTO ELÉTRICO, INCLUSIVE AFASTAMENTO E EMPILHAMENTO, EXCLUSIVE TRANSPORTE E RETIRADA DO MATERIAL DEMOLIDO | C104: m3 | D104: 139.71
A105: ED-48444 | B105: DEMOLIÇÃO MECANIZADA DE CONCRETO, SEM ARMAÇÃO, COM EQUIPAMENTO PNEUMÁTICO, INCLUSIVE AFASTAMENTO E EMPILHAMENTO, EXCLUSIVE TRANSPORTE E RETIRADA DO MATERIAL DEMOLIDO | C105: m3 | D105: 206.53
A106: 8716 | B106: REMOÇÃO DE PADRÃO CONCESSIONÁRIA
A107: ED-48475 | B107: REMOÇÃO MANUAL DE PADRÃO DE ENTRADA DE ÁGUA, COM REAPROVEITAMENTO, INCLUSIVE AFASTAMENTO E EMPILHAMENTO, EXCLUSIVE TRANSPORTE E RETIRADA DO MATERIAL REMOVIDO NÃO REAPROVEITÁVEL | C107: un | D107: 87.43
A108: ED-48474 | B108: REMOÇÃO MANUAL DE PADRÃO DE ENTRADA DE ENERGIA, COM REAPROVEITAMENTO, INCLUSIVE AFASTAMENTO E EMPILHAMENTO, EXCLUSIVE TRANSPORTE E RETIRADA DO MATERIAL REMOVIDO NÃO REAPROVEITÁVEL | C108: un | D108: 220.2
A109: 8717 | B109: DEMOLIÇÃO E REMOÇÃO DE PAVIMENTAÇÃO
A110: ED-48487 | B110: DEMOLIÇÃO MANUAL DE LAJE DE CONCRETO ARMADO, COM ESPESSURA DE ATÉ 15CM, INCLUSIVE AFASTAMENTO E EMPILHAMENTO, EXCLUSIVE TRANSPORTE E RETIRADA DO MATERIAL DEMOLIDO | C110: m2 | D110: 37.69
A111: ED-48507 | B111: DEMOLIÇÃO MANUAL DE SARJETA OU SARJETÃO DE CONCRETO, INCLUSIVE AFASTAMENTO E EMPILHAMENTO, EXCLUSIVE TRANSPORTE E RETIRADA DO MATERIAL DEMOLIDO | C111: m2 | D111: 9.42
A112: ED-48489 | B112: DEMOLIÇÃO MECANIZADA DE LAJE DE CONCRETO ARMADO, COM ESPESSURA DE ATÉ 15CM, , COM EQUIPAMENTO ELÉTRICO, INCLUSIVE AFASTAMENTO E EMPILHAMENTO, EXCLUSIVE TRANSPORTE E RETIRADA DO MATERIAL DEMOLIDO | C112: m2 | D112: 20.6
A113: ED-48486 | B113: DEMOLIÇÃO MECANIZADA DE LAJE DE CONCRETO ARMADO, COM ESPESSURA DE ATÉ 15CM, , COM EQUIPAMENTO PNEUMÁTICO, INCLUSIVE AFASTAMENTO E EMPILHAMENTO, EXCLUSIVE TRANSPORTE E RETIRADA DO MATERIAL DEMOLIDO | C113: m2 | D113: 30.02
A114: ED-48492 | B114: DEMOLIÇÃO MECANIZADA DE REVESTIMENTO ASFÁLTICO, COM EQUIPAMENTO PNEUMÁTICO, INCLUSIVE AFASTAMENTO E EMPILHAMENTO, EXCLUSIVE TRANSPORTE E RETIRADA DO MATERIAL DEMOLIDO | C114: m2 | D114: 9.94
A115: ED-48490 | B115: REMOÇÃO MANUAL DE ALVENARIA POLIÉDRICA, COM REAPROVEITAMENTO, INCLUSIVE AFASTAMENTO E EMPILHAMENTO, EXCLUSIVE TRANSPORTE E RETIRADA DO MATERIAL REMOVIDO NÃO REAPROVEITÁVEL | C115: m2 | D115: 12.85
A116: ED-48488 | B116: REMOÇÃO MANUAL DE CALÇADA PORTUGUESA, COM REAPROVEITAMENTO, INCLUSIVE AFASTAMENTO E EMPILHAMENTO, EXCLUSIVE TRANSPORTE E RETIRADA DO MATERIAL REMOVIDO NÃO REAPROVEITÁVEL | C116: m2 | D116: 7.77
A117: ED-48473 | B117: REMOÇÃO MANUAL DE GUIA DE MEIO-FIO EM PEDRA (GNAISSE, BASALTO, ETC.), COM REAPROVEITAMENTO, INCLUSIVE AFASTAMENTO E EMPILHAMENTO, EXCLUSIVE TRANSPORTE E RETIRADA DO MATERIAL REMOVIDO NÃO REAPROVEITÁVEL | C117: m | D117: 18.84
A118: ED-48472 | B118: REMOÇÃO MANUAL DE GUIA DE MEIO-FIO PRÉ-MOLDADA EM CONCRETO, COM REAPROVEITAMENTO, INCLUSIVE AFASTAMENTO E EMPILHAMENTO, EXCLUSIVE TRANSPORTE E RETIRADA DO MATERIAL REMOVIDO NÃO REAPROVEITÁVEL | C118: m | D118: 10.05
A119: ED-48476 | B119: REMOÇÃO MANUAL DE PAVIMENTAÇÃO INTERTRAVADA OU SEXTAVADO EM PRÉ-MOLDADO DE CONCRETO, COM REAPROVEITAMENTO, INCLUSIVE AFASTAMENTO E EMPILHAMENTO, EXCLUSIVE TRANSPORTE E RETIRADA DO MATERIAL REMOVIDO NÃO REAPROVEITÁVEL | C119: m2 | D119: 12.85
A120: ED-48491 | B120: REMOÇÃO MANUAL DE PAVIMENTO PARALELEPÍPEDO, COM REAPROVEITAMENTO, INCLUSIVE AFASTAMENTO E EMPILHAMENTO, EXCLUSIVE TRANSPORTE E RETIRADA DO MATERIAL REMOVIDO NÃO REAPROVEITÁVEL | C120: m2 | D120: 14.39
A121: 8718 | B121: DEMOLIÇÃO E REMOÇÃO DE REVESTIMENTO
A122: ED-48504 | B122: DEMOLIÇÃO MANUAL DE LAMINADO MELAMÍNICO EM SUPERFÍCIE DE MADEIRA OU PAREDE, INCLUSIVE AFASTAMENTO E EMPILHAMENTO, EXCLUSIVE TRANSPORTE E RETIRADA DO MATERIAL DEMOLIDO | C122: m2 | D122: 9.42
A123: ED-48501 | B123: DEMOLIÇÃO MANUAL DE REBOCO OU EMBOÇO, COM ESPESSURA DE ATÉ 55MM, INCLUSIVE AFASTAMENTO E EMPILHAMENTO, EXCLUSIVE TRANSPORTE E RETIRADA DO MATERIAL DEMOLIDO | C123: m2 | D123: 8.89
A124: ED-48502 | B124: DEMOLIÇÃO MANUAL DE REVESTIMENTO CERÂMICO, AZULEJO OU LADRILHO HIDRÁULICO, INCLUSIVE AFASTAMENTO E EMPILHAMENTO, EXCLUSIVE DEMOLIÇÃO DO REBOCO OU EMBOÇO, TRANSPORTE E RETIRADA DO MATERIAL DEMOLIDO | C124: m2 | D124: 18.52
...
